Workbook
Name \0: #REF!
Name \00: #REF!
Name \a: #REF!
Name \AA: [1]LIQUIDACION!#REF!
Name \b: [2]STRSUMM0!#REF!
Name \bb: [2]STRSUMM0!#REF!
Name \E: #REF!
Name \EE: #REF!
Name \G: #REF!
Name \k: '[3]7422CW00'!#REF!
Name \l: [4]STRSUMM0!#REF!
Name \M: #REF!
Name \ñ: '[5]7422CW00'!#REF!
Name \P: #REF!
Name \R: #REF!
Name \s: #REF!
Name \V: #REF!
Name \X: AJUS!ERR
Name \X: PRESUPUESTO!ERR
Name \X: [0]!ERR
Name \Z: AJUS!ERR
Name \Z: PRESUPUESTO!ERR
Name \Z: [0]!ERR
Name _________AFC1: [6]INV!$A$25:$D$28
Name _________AFC3: [6]INV!$F$25:$I$28
Name _________AFC5: [6]INV!$K$25:$N$28
Name _________BGC1: [6]INV!$A$5:$D$8
Name _________BGC3: [6]INV!$F$5:$I$8
Name _________BGC5: [6]INV!$K$5:$N$8
Name _________CAC1: [6]INV!$A$19:$D$22
Name _________CAC3: [6]INV!$F$19:$I$22
Name _________CAC5: [6]INV!$K$19:$N$22
Name _________PJ50: #REF!
Name _________SBC1: [6]INV!$A$12:$D$15
Name _________SBC3: [6]INV!$F$12:$I$15
Name _________SBC5: [6]INV!$K$12:$N$15
Name ________AFC1: [6]INV!$A$25:$D$28
Name ________AFC3: [6]INV!$F$25:$I$28
Name ________AFC5: [6]INV!$K$25:$N$28
Name ________BGC1: [6]INV!$A$5:$D$8
Name ________BGC3: [6]INV!$F$5:$I$8
Name ________BGC5: [6]INV!$K$5:$N$8
Name ________CAC1: [6]INV!$A$19:$D$22
Name ________CAC3: [6]INV!$F$19:$I$22
Name ________CAC5: [6]INV!$K$19:$N$22
Name ________MA2: #REF!
Name ________PJ50: #REF!
Name ________SBC1: [6]INV!$A$12:$D$15
Name ________SBC3: [6]INV!$F$12:$I$15
Name ________SBC5: [6]INV!$K$12:$N$15
Name _______AFC1: [6]INV!$A$25:$D$28
Name _______AFC3: [6]INV!$F$25:$I$28
Name _______AFC5: [6]INV!$K$25:$N$28
Name _______BGC1: [6]INV!$A$5:$D$8
Name _______BGC3: [6]INV!$F$5:$I$8
Name _______BGC5: [6]INV!$K$5:$N$8
Name _______CAC1: [6]INV!$A$19:$D$22
Name _______CAC3: [6]INV!$F$19:$I$22
Name _______CAC5: [6]INV!$K$19:$N$22
Name _______MA2: #REF!

Sheet Hoja1
B3: CONTROL DE AVANCE | D3: CONDICIONES ORIGINALES | E3: CORTE 1
D4: VALOR | E4: VALOR | F4: PORCENTAJE
B5: PROYECTO TOTAL | D5: =+PRESUPUESTO!#REF! -> #REF! | E5: =+PRESUPUESTO!#REF! -> #REF! | F5: =+E5/D5 -> #REF!
B6: 1 | C6: EXPLANACIONES
B7: 1.01 | C7: EXCAVACION DE CORTES, CANALES Y PRESTAMOS EN MATERIAL COMUN A MAQUINA INCLUYE CARGUE Y ACARREO LIBRE DE 5 KM | D7: 10879501 | E7: 5784599.6 | F7: =+E7/D7 -> 0.53169714
B8: 1.02 | C8: SUMINISTRO, EXTENDIDA Y COMPACTACIÓN DE MATERIAL PARA AFIRMADO HASTA UN DIÁMETRO DE 5" Y UN ÍNDICE PLÁSTICO MENOR O IGUAL 9% Y COMPACTO AL 95% PROCTOR, INCLUYE ACARREO LIBRE 5 KM (**) | D8: 254907.42 | E8: 0 | F8: =+E8/D8 -> 0
B9: 2 | C9: AFIRMADO, SUBBASES Y BASES
B10: 2.01 | C10: SUMINISTRO, EXTENDIDA Y COMPACTACIÓN DE MATERIAL SELECCIÓNADO PARA SUBBASE GRANULAR (INCLUYE ACARREO LIBRE HASTA 5KM) (**) | D10: 12304647 | E10: 4657340.6 | F10: =+E10/D10 -> 0.37850259
B11: 2.02 | C11: SUMINISTRO, EXTENDIDA Y COMPACTACIÓN DE MATERIAL SELECCIÓNADO PARA BASE GRANULAR (INCLUYE ACARREO LIBRE HASTA 5KM) (**) | D11: 19493280 | E11: 8086508.6 | F11: =+E11/D11 -> 0.4148357
B12: 3 | C12: PAVIMENTACION TIPO PLACA HUELLA
B13: 3.01 | C13: CONCRETO PARA PLACA HUELLA DE 21 MPa - (3000 PSI). (INCLUYE CORTE Y SELLO DE JUNTAS). | D13: 90227161 | E13: 21010190 | F13: =+E13/D13 -> 0.23285882
B14: 3.02 | C14: SUMINISTRO E INSTALACIÓN DE CONCRETO CICLOPEO DE 21 MPA (3000 PSI) , 60% RAJON PARA PLACA HUELLAS INCLUYE SELLO DE JUNTAS | D14: 48277461 | E14: 8073654 | F14: =+E14/D14 -> 0.16723444
B15: 3.03 | C15: CONCRETO PARA VIGA DE AMARRE 21 MPa (3000 PSI) SECCION RECTANGULAR | D15: 25363350 | E15: 4449710.6 | F15: =+E15/D15 -> 0.1754386
B16: 3.04 | C16: SUMINISTRO, FIGURADA Y AMARRE DE ACERO DE 420 MPa (60000 PSI) | D16: 98341054 | E16: 35556786 | F16: =+E16/D16 -> 0.36156604
B17: 4 | C17: OBRAS DE DRENAJE, PROTECCION Y ESTRUCTURAS
B18: 4.01 | C18: CUNETAS REVESTIDAS EN CONCRETO DE 21 MPA ( 3000 PSI) SIN REFUERZO (INCLUYE SELLO DE JUNTAS) | D18: 55030603 | E18: 9199644.8 | F18: =+E18/D18 -> 0.16717325
B19: 5 | C19: TRANSPORTE
B20: 5.01 | C20: TRANSPORTE DE MATERIAL DE AFIRMADO Y/O GRANULAR SUELTO (MEDIDO EN BANCO) DESPUÉS DE 5 KM. | D20: 8436146.7 | E20: 4289331.6 | F20: =+E20/D20 -> 0.50844678

Sheet AJUS
D1: ALCALDIA BRICEÑO - BOYACÁ
F4: DEL CONTRATO DE OBRA N° / AÑO
J6: VALOR TOTAL MODIFICACIONES PRESENTE ACTA
J7: VALOR TOTAL PRESENTE ACTA
J8: CONDICIONES ACTUALIZADAS SEGÚN ACTA DE ACTA DE MODIFICACIÓN | L8: ACUMULADO ANTERIOR
D9: FORMATO | K9: VERSIÓN: 6
A11: PRESUPUESTO GENERAL AJUSTADO Construcción y adquisición de bienes y/o servicios | K11: FECHA: 12/08/2025
A13: PROY.: | C13: PROYECTO: "CONSULTORIA PARA REALIZAR LOS ESTUDIOS Y DISEÑOS PARA EL MEJORAMIENTO DE VIAS TERCIARIAS MEDIANTE LA CONSTRUCCION DE PLACA HUELLAS EN LAS VEREDAS BUENAVISTA Y MORAY DEL MUNICIPIO DE BRICEÑO, DEPARTAMENTO DE BOYACÁ, VIGENCIA 2026" | K13: AÑO BASE DE LOS PRECIOS | L13: 2025
K15: 1er AÑO DE LOS RECURSOS | L15: 2025
A16: PRESUPUESTO GENERAL
A17: Nº | B17: REF GOBER. | C17: DESCRIPCION | D17: FUENTE | E17: UNIDAD | F17: CANTIDAD | G17: DIST | H17: VR UNITARIO | I17: VR TOTAL | J17: VR UNITARIO CON AIU | K17: VR TOTAL CON AIU | L17: %
A18: 1 | B18: LOCALIZACION | H18: TIPO | I18: OBRA PÚBLICA
A19: 1.01 | B19: 3.01.08 | C19: LOCALIZACION Y REPLANTEO TOPOGRÁFICO PARA OBRAS DE INFRAESTRUCTURA VIAL | D19: Precios Gober. | E19: Kilometro | F19: =+#REF! -> #REF! | G19: 0 | H19: =+Apus!#REF! -> #REF! | I19: =+H19*F19+(H19*F19*G19) -> #REF! | J19: =H19*1.3 -> #REF! | K19: 1368562.1 | L19: =IF(I19>0,(+I19/H$80),"") -> #REF!
H20: SUBTOTAL GRUPO | I20: =SUM(I18:I19) -> #REF! | K20: 1368562.1
A21: 2 | B21: EXPLANACIONES | H21: TIPO | I21: OBRA PÚBLICA
A22: 2.01 | B22: 3.02.03 | C22: EXCAVACION DE CORTES, CANALES Y PRESTAMOS EN MATERIAL COMUN A MAQUINA INCLUYE CARGUE Y ACARREO LIBRE DE 5 KM | D22: Precios Gober. | E22: Metro Cúbico | F22: =+'1,01'!AN85 -> 484.42 | G22: 0 | H22: =+Apus!J40 -> 20252.01 | I22: =+H22*F22+(H22*F22*G22) -> 9810478.7 | J22: =H22*1.3 -> 26327.613 | K22: 13995233 | L22: =IF(I22>0,(+I22/H$80),"") -> #REF! | N22: 26322.35
H23: SUBTOTAL GRUPO | I23: =SUM(I22:I22) -> 9810478.7 | K23: 13995233 | L23: =IF(I23>0,(+I23/H$80),"") -> #REF! | N23: SUBTOTAL
A24: 3 | B24: AFIRMADO, SUBBASES Y BASES | H24: TIPO | I24: OBRA PÚBLICA
A25: 3.01 | B25: 3.04.05 | C25: SUMINISTRO, EXTENDIDA Y COMPACTACIÓN DE MATERIAL PARA AFIRMADO HASTA UN DIÁMETRO DE 5" Y UN ÍNDICE PLÁSTICO MENOR O IGUAL 9% Y COMPACTO AL 95% PROCTOR, INCLUYE ACARREO LIBRE 5 KM (**) | D25: Precios Gober. | E25: Metro Cúbico | F25: =+'2,01'!AN41 -> 83.9 | G25: 0 | H25: =+Apus!J101 -> 106587.96 | I25: =+H25*F25+(H25*F25*G25) -> 8942729.8 | J25: =H25*1.3 -> 138564.35 | K25: 120550.98 | L25: =IF(I25>0,(+I25/H$80),"") -> #REF! | N25: 138536.64
A26: 3.02 | B26: 3.04.07 | C26: SUMINISTRO, EXTENDIDA Y COMPACTACIÓN DE MATERIAL SELECCIÓNADO PARA SUBBASE GRANULAR (INCLUYE ACARREO LIBRE HASTA 5KM) (**) | D26: Precios Gober. | E26: Metro Cúbico | F26: =+'2,02'!AN77 -> 190.69 | G26: 0 | H26: =+Apus!J168 -> 144296.14 | I26: =+H26*F26+(H26*F26*G26) -> 27515831 | J26: =H26*1.3 -> 187584.98 | K26: 38605454 | L26: =IF(I26>0,(+I26/H$80),"") -> #REF! | N26: 182426.19
H27: SUBTOTAL GRUPO | I27: =SUM(I25:I26) -> 36458561 | K27: 38726005 | L27: =IF(I27>0,(+I27/H$80),"") -> #REF!
A28: 4 | B28: PAVIMENTACION TIPO PLACA HUELLA | H28: TIPO | I28: OBRA PÚBLICA
A29: 4.01 | B29: 3.05.11 | C29: CONCRETO PARA PLACA HUELLA DE 21 MPa - (3000 PSI). (INCLUYE CORTE Y SELLO DE JUNTAS). | D29: Precios Gober. | E29: Metro Cúbico | F29: =+'3,01'!AN85 -> 76.14 | G29: 0.06 | H29: =+Apus!J229 -> 855295.73 | I29: =+H29*F29+(H29*F29*G29) -> 69029550 | J29: =H29*1.3 -> 1111884.4 | K29: 91385781 | L29: =IF(I29>0,(+I29/H$80),"") -> #REF! | N29: 1178361.8
A30: 4.02 | B30: 3.03.21 | C30: SUMINISTRO E INSTALACIÓN DE CONCRETO CICLOPEO DE 21 MPA (3000 PSI) , 60% RAJON PARA PLACA HUELLAS INCLUYE SELLO DE JUNTAS | D30: Precios Gober. | E30: Metro Cúbico | F30: =+'3,02'!AN77 -> 59.45 | G30: 0.06 | H30: =+Apus!J292 -> 603051.53 | I30: =+H30*F30+(H30*F30*G30) -> 38002498 | J30: =H30*1.3 -> 783966.99 | K30: 51336490 | L30: =IF(I30>0,(+I30/H$80),"") -> #REF! | N30: 830622.84
A31: 4.03 | B31: 2.02.13 | C31: CONCRETO PARA VIGA DE AMARRE 21 MPa (3000 PSI) SECCION RECTANGULAR | D31: Precios Gober. | E31: Metro Cúbico | F31: =+'3,03'!AN77 -> 28.76 | G31: 0.06 | H31: =+Apus!J351 -> 887643.35 | I31: =+H31*F31+(H31*F31*G31) -> 27060340 | J31: =H31*1.3 -> 1153936.4 | K31: 36530822 | L31: =IF(I31>0,(+I31/H$80),"") -> #REF! | N31: 1222448
A32: 4.04 | B32: 2.02.35 | C32: SUMINISTRO, FIGURADA Y AMARRE DE ACERO DE 420 MPa (60000 PSI) | D32: Precios Gober. | E32: Kilogramo | F32: =+'3,04'!AU173 -> 12539.16 | G32: 0.06 | H32: =+Apus!J412 -> 7675.05 | I32: =+H32*F32+(H32*F32*G32) -> 1.02013e+08 | J32: =H32*1.3 -> 9977.565 | K32: 1.3686206e+08 | L32: =IF(I32>0,(+I32/H$80),"") -> #REF! | N32: 10574.1
H33: SUBTOTAL GRUPO | I33: =SUM(I29:I32) -> 2.3610539e+08 | K33: 3.1611515e+08 | L33: =IF(I33>0,(+I33/H$80),"") -> #REF!
A34: 5 | B34: OBRAS DE DRENAJE, PROTECCION Y ESTRUCTURAS | H34: TIPO | I34: OBRA PÚBLICA
A35: 5.01 | B35: 3.03.05 | C35: CUNETAS REVESTIDAS EN CONCRETO DE 21 MPA ( 3000 PSI) SIN REFUERZO (INCLUYE SELLO DE JUNTAS) | D35: Precios Gober. | E35: Metro Cúbico | F35: =+'4,01'!AN85 -> 70.78 | G35: 0.06 | H35: =+Apus!J475 -> 778309.86 | I35: =+H35*F35+(H35*F35*G35) -> 58394098 | J35: =H35*1.3 -> 1011802.8 | K35: 78935201 | L35: =IF(I35>0,(+I35/H$80),"") -> #REF! | N35: 1072219.7
H36: SUBTOTAL GRUPO | I36: =SUM(I35) -> 58394098 | K36: 78935201 | L36: =IF(I36>0,(+I36/H$80),"") -> #REF!
A37: 6 | B37: TRANSPORTE | H37: TIPO | I37: OBRA PÚBLICA
A38: 6.01 | B38: 3.12.03 | C38: TRANSPORTE DE MATERIAL DE AFIRMADO Y/O GRANULAR SUELTO (MEDIDO EN BANCO) DESPUÉS DE 5 KM. | D38: Precios Gober. | E38: M3-Km | F38: =+'5,01'!AN79 -> 4106.61 | G38: 0 | H38: =+Apus!J519 -> 2765.1 | I38: =+H38*F38+(H38*F38*G38) -> 11355187 | J38: =H38*1.3 -> 3594.63 | K38: 9840119.9 | L38: =IF(I38>0,(+I38/H$80),"") -> #REF! | N38: 3593.91
H39: SUBTOTAL GRUPO | I39: =SUM(I38) -> 11355187 | K39: 9840119.9 | L39: =IF(I39>0,(+I39/H$80),"") -> #REF!
A40: 7 | B40: SEÑALIZACION (PMT) | H40: TIPO | I40: OBRA PÚBLICA
C41: SERVICIOS
A42: =+A40+0.01 -> 7.01 | C42: AUXILIAR DE TRANSITO 1 | D42: Precios Gober. | E42: MES | F42: 2 | G42: 0 | H42: 1623500 | I42: =+H42*F42+(H42*F42*G42) -> 3247000 | J42: =H42 -> 1623500 | K42: 3247000 | L42: =IF(I42>0,(+I42/H$80),"") -> #REF!
C43: BIENES | H43: TIPO | I43: OBRA PÚBLICA
A44: =+A42+0.01 -> 7.02 | C44: BARRICADA DE LISTONES | D44: Precios Gober. | E44: Unidad | F44: 2 | G44: 0 | H44: 490000 | I44: =+H44*F44+(H44*F44*G44) -> 980000 | J44: =H44 -> 490000 | K44: 980000 | L44: =IF(I44>0,(+I44/H$80),"") -> #REF!
A45: =+A44+0.01 -> 7.03 | C45: DELINEADOR COMPUESTO | D45: Precios Gober. | E45: Unidad | F45: 4 | G45: 0 | H45: 35000 | I45: =+H45*F45+(H45*F45*G45) -> 140000 | J45: =H45 -> 35000 | K45: 140000 | L45: =IF(I45>0,(+I45/H$80),"") -> #REF!
A46: =+A45+0.01 -> 7.04 | C46: BARRICADA PLASTICA | D46: Precios Gober. | E46: Unidad | F46: 2 | G46: 0 | H46: 413000 | I46: =+H46*F46+(H46*F46*G46) -> 826000 | J46: =H46 -> 413000 | K46: 826000 | L46: =IF(I46>0,(+I46/H$80),"") -> #REF!
A47: =+A46+0.01 -> 7.05 | C47: CONO DE SEÑALIZACION H=0.70m CON FRANJAS DE CINTA REFLECTIVA SEGÚN NORMA INVIAS | D47: Precios Gober. | E47: Unidad | F47: 4 | G47: 0 | H47: 42000 | I47: =+H47*F47+(H47*F47*G47) -> 168000 | J47: =H47 -> 42000 | K47: 168000 | L47: =IF(I47>0,(+I47/H$80),"") -> #REF!
A48: =+A47+0.01 -> 7.06 | C48: PALETA PLASTICA PARE-SIGA | D48: Precios Gober. | E48: Unidad | F48: 2 | G48: 0 | H48: 35000 | I48: =+H48*F48+(H48*F48*G48) -> 70000 | J48: =H48 -> 35000 | K48: 70000 | L48: =IF(I48>0,(+I48/H$80),"") -> #REF!
A49: =+A48+0.01 -> 7.07 | C49: SEÑAL VIAL REGLAMENTARIA DE OBRA, TAMAÑO 75X75 SEGÚN NORMA INVIAS | D49: Precios Gober. | E49: Unidad | F49: 2 | G49: 0 | H49: 462327.6 | I49: =+H49*F49+(H49*F49*G49) -> 924655.2 | J49: =H49 -> 462327.6 | K49: 924655.2 | L49: =IF(I49>0,(+I49/H$80),"") -> #REF!
A50: =+A49+0.01 -> 7.08 | C50: SEÑAL VIAL PREVENTIVA DE OBRA, TAMAÑO 75X75 SEGÚN NORMA INVIAS | D50: Precios Gober. | E50: Unidad | F50: 2 | G50: 0 | H50: 329057.4 | I50: =+H50*F50+(H50*F50*G50) -> 658114.8 | J50: =H50 -> 329057.4 | K50: 658114.8 | L50: =IF(I50>0,(+I50/H$80),"") -> #REF!
A51: =+A50+0.01 -> 7.09 | C51: SEÑAL INFORMATIVA INICIO Y FIN DE OBRA | D51: Precios Gober. | E51: Unidad | F51: 2 | G51: 0 | H51: 683172 | I51: =+H51*F51+(H51*F51*G51) -> 1366344 | J51: =H51 -> 683172 | K51: 1366344 | L51: =IF(I51>0,(+I51/H$80),"") -> #REF!
H52: SUBTOTAL GRUPO | I52: =SUM(I42:I51) -> 8380114 | K52: 8380114 | L52: =IF(I52>0,(+I52/H$80),"") -> #REF!
A53: 8 | B53: PMA | H53: TIPO | I53: OBRA PÚBLICA
A54: =+A53+0.01 -> 8.01 | B54: 9.01.12 | C54: ESPECIALISTA AMBIENTAL (INCLUYE SALARIO BASE + FACTOR PRESTACIONAL DEL 72.85%) | D54: Precios Gober. | E54: MES | F54: 0.5 | G54: 0 | H54: 7795717.8 | I54: =+H54*F54+(H54*F54*G54) -> 3897858.9 | J54: =H54 -> 7795717.8 | K54: 3897858.9 | L54: =IF(I54>0,(+I54/H$80),"") -> #REF!
A55: =+A54+0.01 -> 8.02 | B55: 9.01.21 | C55: OPERADOR AUXILIAR DE EQUIPO (INCLUYE SALARIO BASE + FACTOR PRESTACIONAL DEL 72.85%) | D55: Precios Gober. | E55: MES | F55: 2 | G55: 0 | H55: 2279507.5 | I55: =+H55*F55+(H55*F55*G55) -> 4559015 | J55: =H55 -> 2279507.5 | K55: 4559015 | L55: =IF(I55>0,(+I55/H$80),"") -> #REF!
C56: BASURA COLOR ROJO, VERDE Y GRIS | D56: Precios Gober. | E56: Unidad | F56: 1 | G56: 0 | H56: 245000 | I56: =+H56*F56+(H56*F56*G56) -> 245000 | J56: =H56 -> 245000 | K56: 245000 | L56: =IF(I56>0,(+I56/H$80),"") -> #REF!
H57: SUBTOTAL GRUPO | I57: =SUM(I54:I56) -> 8701873.9 | K57: 8701874 | L57: =IF(I57>0,(+I57/H$80),"") -> #REF!
D61: INFORMACIÓN CONSOLIDADA FORMULACIÓN INICIAL
D63: COSTO DIRECTO | H63: =SUM(F65:F67) -> #REF! | L63: =IF(H63>0,(+H63/H80),0) -> #REF!
D65: Bienes | F65: =+I44+I45+I46+I47+I48+I49+I50+I51+I56 -> 5378114
D66: Servicios | F66: =+I42+I54+I55 -> 11703874
D67: Obra Pública | F67: =ROUND(+I39+I36+I33+I27+I23+I20,2) -> #REF!
D69: COSTO INDIRECTO | H69: =+I71+I74+I77 -> #REF! | L69: =+L71+L75+L77 -> #REF!
D71: Bienes | F71: 0 | H71: IVA | I71: =+F71+F72 -> 2223736 | L71: =IF(I71>0,(+I71/H80),0) -> #REF!
D72: Servicios | F72: =F66*0.19 -> 2223736
D74: Administración | E74: 0.22 | F74: =+F67*E74 -> #REF! | H74: AIU | I74: =+F74+F75+F76 -> #REF!
D75: Imprevistos | E75: 0.03 | F75: =+F67*E75 -> #REF! | L75: =IF(I74>0,(+I74/H80),0) -> #REF!
D76: Utilidad | E76: 0.05 | F76: =+F67*E76 -> #REF!
D77: Otros Costos | E77: Administración General | H77: 0 | I77: =+H63*H77 -> #REF! | L77: =IF(I77>0,(+I77/H80),0) -> #REF!
D78: SUBTOTAL | H78: =+H69+H63 -> #REF! | L78: =+L63+L69 -> #REF!
D79: Interventoría | F79: 0.07 | H79: =+H78*F79 -> #REF! | L79: =IF(H79>0,(+H79/H80),0) -> #REF!
D80: TOTAL PRESUPUESTO | H80: =SUM(H78:I79) -> #REF! | L80: =SUM(L78:L79) -> #REF!
D84: ________________________________________
D85: Realizó: OMAR JHON BYRON ORTIZ MARIÑO
D87: ________________________________________
D88: Aprobó

Sheet Apus
F2: FORMATO | H2: VERSIÓN: 1
H3: CÓDIGO: M-PD-ID-F-001
D4: GOBERNACIÓN DE BOYACÁ - SECRETARÍA DE INFRAESTRUCTURA PÚBLICA | H4: FECHA: 27/abril/2026
D5: ANÁLISIS DE PRECIOS UNITARIOS
D7: No. CAPÍTULO | E7: C A P Í T U L O
D8: 3 | E8: I N F R A E S T R U C T U R A V I A L
D9: No. SUB-CAPÍTULO | E9: S U B - C A P Í T U L O | J9: ITEM
D10: 3.02 | E10: E X P L A N A C I O N E S | J10: 1.01
D11: REF. PRECIO GOB. BOYACÁ | E11: DESCRIPCIÓN DE LA ACTIVIDAD | J11: Unidad
D12: 3.02.03
D13: No. ÍTEM PRESUPUESTO | E13: EXCAVACIÓN DE CORTES, CANALES Y PRESTAMOS EN MATERIAL COMUN A MAQUINA.(INCLUYE CARGUE Y ACARREO LIBRE HASTA 5 KM.) | J13: =+VLOOKUP(J10,PRESUPUESTO!$A$18:$E$36,5,FALSE) -> Metro Cúbico
D14: 3.02.03
D16: 2. EQUIPO
D17: Descripción | G17: Unidad | H17: Cantidad | I17: Vr. Unitario | J17: Valor parcial
D18: RETROEXCAVADORA SOBRE ORUGAS (CAPACIDAD 220 HP) | G18: HORA | H18: 0.03 | I18: 221627 | J18: =+IF(D18="","",I18*H18) -> 6648.81
J19: =+IF(D19="","",I19*H19)
G20: SUBTOTAL EQUIPO | J20: =ROUND(+SUM(J18:J19),2) -> 6648.81
D22: 4. TRANSPORTE
D23: Descripción | G23: Unidad | H23: Cantidad | I23: Vr. Unitario | J23: Valor parcial
D24: VOLQUETA | G24: M3-5KM | H24: 1.3 | I24: 10464 | J24: =(+IF(D24="","",(I24*H24))) -> 13603.2
J25: =(+IF(D25="","",(I25*H25)))
J26: =(+IF(D26="","",(I26*H26)))
G28: SUBTOTAL TRANSPORTE | J28: =+ROUND(SUM(J24:J27),2) -> 13603.2
D30: COSTO DIRECTO | J30: =ROUND((SUM(+J20+J28)),2) -> 20252.01
D32: INCREMENTO POR DISTANCIA (F.I.D.) | H32: =+[113]PRESUPUESTO!$H$70 -> 0 | J32: =+J30*H32 -> 0
D33: TOTAL COSTO DIRECTO + INCREMENTO POR DISTANCIA | J33: =+J32+J30 -> 20252.01
D35: ADMINISTRACIÓN | H35: =+[113]PRESUPUESTO!$E$1934 -> 0 | J35: =+J30*H35 -> 0
D36: IMPREVISTOS | H36: =+[113]PRESUPUESTO!$E$1935 -> 0 | J36: =+J30*H36 -> 0
D37: UTILIDAD | H37: =+[113]PRESUPUESTO!$E$1936 -> 0 | J37: =+J30*H37 -> 0
D38: TOTAL COSTOS INDIRECTOS | J38: =SUM(J35:J37) -> 0
D40: TOTAL COSTOS ACTIVIDAD (INCLUYE AIU E INCREMENTO POR DISTANCIA) | J40: =SUM(J33+J38) -> 20252.01 | M40: 1.01
D42: OBSERVACIONES:
G44: ________________________________________
G45: Realizó: OMAR JHON BYRON ORTIZ MARIÑO
G47: ________________________________________
G48: Aprobó
F51: FORMATO | I51: VERSIÓN: 1
I52: CÓDIGO: M-PD-ID-F-001
D53: GOBERNACIÓN DE BOYACÁ - SECRETARÍA DE INFRAESTRUCTURA PÚBLICA | I53: FECHA: 27/abril/2026
D54: ANÁLISIS DE PRECIOS UNITARIOS
D56: No. CAPÍTULO | E56: C A P Í T U L O
D57: 3 | E57: I N F R A E S T R U C T U R A V I A L
D58: No. SUB-CAPÍTULO | E58: S U B - C A P Í T U L O | J58: ITEM
D59: 3.04 | E59: A F I R M A D O , S U B B A S E S Y B A S E S | J59: 2.01
D60: REF. PRECIO GOB. BOYACÁ | E60: DESCRIPCIÓN DE LA ACTIVIDAD | J60: Unidad
D61: 3.04.05
D62: No. ÍTEM PRESUPUESTO | E62: SUMINISTRO, EXTENDIDA Y COMPACTACIÓN DE MATERIAL PARA AFIRMADO HASTA UN DIÁMETRO DE 2" Y UN ÍNDICE PLÁSTICO MENOR O IGUAL 9% Y COMPACTO AL 95% PROCTOR, INCLUYE ACARREO LIBRE HASTA 5 KM (**) | J62: =+VLOOKUP(J59,PRESUPUESTO!$A$18:$E$36,5,FALSE) -> Metro Cúbico
D63: 3.04.05
D65: 1. MATERIAL
D66: Descripción | G66: Unidad | H66: Valor Unitario | I66: Cantidad | J66: Valor parcial
D67: MATERIAL DE AFIRMADO NORMA INVIAS | G67: M3 | H67: 48790 | I67: 1.3 | J67: =ROUND((+IF(D67="","",H67*I67)),2) -> 63427
J68: =+IF(D68="","",H68*I68)
J69: =+IF(D69="","",H69*I69)
J70: =+IF(D70="","",H70*I70)
J71: =+IF(D71="","",H71*I71)
J72: =+IF(D72="","",H72*I72)
J73: =+IF(D73="","",H73*I73)
G74: SUBTOTAL MATERIALES | J74: =+ROUND(SUM(J67:J73),2) -> 63427
D76: 2. EQUIPO
D77: Descripción | G77: Unidad | H77: Vr. Unitario | I77: Cantidad | J77: Valor parcial
D78: CARROTANQUE DE AGUA (CAPACIDAD 1000 GL) | G78: HORA | H78: 132939 | I78: 0.05 | J78: =+IF(D78="","",H78*I78) -> 6646.95
D79: MOTONIVELADORA POTENCIA MINIMA 120 HP Y MAX 215 HP | G79: HORA | H79: 198419 | I79: 0.06 | J79: =+IF(D79="","",H79*I79) -> 11905.14
D80: VIBROCOMPACTADOR DE RODILLO LISO (CAPACIDAD MÍNIMA DE 15 TON.) | G80: HORA | H80: 169318 | I80: 0.065 | J80: =+IF(D80="","",H80*I80) -> 11005.67
G81: SUBTOTAL EQUIPO | J81: =ROUND(+SUM(J78:J80),2) -> 29557.76
D83: 4. TRANSPORTE
D84: Descripción | G84: Unidad | H84: Vr. Unitario | I84: Cantidad | J84: Valor parcial
D85: VOLQUETA | G85: M3-5KM | H85: 10464 | I85: 1.3 | J85: =(+IF(D85="","",(H85*I85))) -> 13603.2
J86: =(+IF(D86="","",(H86*I86)))
J87: =(+IF(D87="","",(H87*I87)))
G89: SUBTOTAL TRANSPORTE | J89: =+ROUND(SUM(J85:J88),2) -> 13603.2
D91: COSTO DIRECTO | J91: =ROUND((SUM(+J74+J81+J89)),2) -> 106587.96
D93: INCREMENTO POR DISTANCIA (F.I.D.) | I93: =+[113]PRESUPUESTO!$H$70 -> 0 | J93: =+J91*I93 -> 0
D94: TOTAL COSTO DIRECTO + INCREMENTO POR DISTANCIA | J94: =+J93+J91 -> 106587.96
D96: ADMINISTRACIÓN | I96: =+[113]PRESUPUESTO!$E$1934 -> 0 | J96: =+J91*I96 -> 0
D97: IMPREVISTOS | I97: =+[113]PRESUPUESTO!$E$1935 -> 0 | J97: =+J91*I97 -> 0
D98: UTILIDAD | I98: =+[113]PRESUPUESTO!$E$1936 -> 0 | J98: =+J91*I98 -> 0
D99: TOTAL COSTOS INDIRECTOS | J99: =SUM(J96:J98) -> 0
D101: TOTAL COSTOS ACTIVIDAD (INCLUYE AIU E INCREMENTO POR DISTANCIA) | J101: =SUM(J94+J99) -> 106587.96 | M101: 2.01
D103: OBSERVACIONES:
G105: ________________________________________
G106: Realizó: OMAR JHON BYRON ORTIZ MARIÑO
G108: ________________________________________
G109: Aprobó
F112: FORMATO | I112: VERSIÓN: 1
I113: CÓDIGO: M-PD-ID-F-001
D114: GOBERNACIÓN DE BOYACÁ - SECRETARÍA DE INFRAESTRUCTURA PÚBLICA | I114: FECHA: 27/abril/2026
D115: ANÁLISIS DE PRECIOS UNITARIOS
D117: No. CAPÍTULO | E117: C A P Í T U L O
D118: 3 | E118: I N F R A E S T R U C T U R A V I A L
D119: No. SUB-CAPÍTULO | E119: S U B - C A P Í T U L O | J119: ITEM
D120: 3.04 | E120: A F I R M A D O , S U B B A S E S Y B A S E S | J120: 2.02
D121: REF. PRECIO GOB. BOYACÁ | E121: DESCRIPCIÓN DE LA ACTIVIDAD | J121: Unidad
D122: 3.04.07
D123: No. ÍTEM PRESUPUESTO | E123: SUMINISTRO, EXTENDIDA Y COMPACTACIÓN DE MATERIAL SELECCIÓNADO PARA SUBBASE GRANULAR (INCLUYE ACARREO LIBRE HASTA 5KM) (**) | J123: =+VLOOKUP(J120,PRESUPUESTO!$A$18:$E$36,5,FALSE) -> Metro Cúbico
D124: 3.04.07
D126: 1. MATERIAL
D127: Descripción | G127: Unidad | H127: Valor Unitario | I127: Cantidad | J127: Valor parcial
D128: MATERIAL DE SUB-BASE GRANULAR No. 4 SBG-4 | G128: M3 | H128: 68425 | I128: 1.3 | J128: =ROUND((+IF(D128="","",H128*I128)),2) -> 88952.5
J129: =+IF(D129="","",H129*I129)
J130: =+IF(D130="","",H130*I130)
...

Sheet F.mult. Inter.
B2: FACTOR MULTIPLICADOR DEL PERSONAL PROFESIONAL
B4: ITEM | C4: CONCEPTO | D4: PORCENTAJE
B5: 1 | C5: Salarios y Prestaciones sociales de Personal | D5: =+SUM(D6:D19) -> 1.8571
B6: =+B5+0.01 -> 1.01 | C6: Salarios | D6: 1
B7: =+B6+0.01 -> 1.02 | C7: Prima anual (legal) | D7: 0.0833
B8: =+B7+0.01 -> 1.03 | C8: Cesantias | D8: 0.0986
B9: =+B8+0.01 -> 1.04 | C9: Vacasiones | D9: 0.0417
B10: =+B9+0.01 -> 1.05 | C10: Seguridad Social (Pensión) | D10: 0.12
B11: =+B10+0.01 -> 1.06 | C11: Seguridad Social (Salud) | D11: 0.085
B12: =+B11+0.01 -> 1.07 | C12: Caja de compensación familiar | D12: 0.04
B13: =+B12+0.01 -> 1.08 | C13: Riesgos Profesionales | D13: 0.0696
B14: =+B13+0.01 -> 1.09 | C14: Sena | D14: 0.02
B15: =+B14+0.01 -> 1.1 | C15: ICBF | D15: 0.03
B16: =+B15+0.01 -> 1.11 | C16: FIC | D16: 0.038
B17: =+B16+0.01 -> 1.12 | C17: Otros (auxilios varios, prestaciones extralegales, incapacidades no cubiertas) | D17: 0.0334
... B19: =+B18+0.01 -> 1.14 | C19: Dotación | D19: 0.0804
B21: 2 | C21: Gastos de funcionamiento | D21: 0.02
B23: 3 | C23: Gastos generales | D23: =+SUM(D24:D30) -> 0.055
B24: =+B23+0.01 -> 3.01 | C24: Preparacion de Propuesta | D24: 0.0005
B25: =+B24+0.01 -> 3.02 | C25: Asesoria Contable tributaria y juridica | D25: 0.025
B26: =+B25+0.01 -> 3.03 | C26: Equipos y mantenimiento de oficina | D26: 0.0035
B27: =+B26+0.01 -> 3.04 | C27: Seguros de robo e incendio | D27: 0.002
B28: =+B27+0.01 -> 3.05 | C28: Depreciación de muebles y equipos | D28: 0.002
B29: =+B28+0.01 -> 3.06 | C29: Correo y otros | D29: 0.002
B30: =+B29+0.01 -> 3.07 | C30: Gastos de representación | D30: 0.02
B32: 4 | C32: Costos Directos no Reembolsables | D32: =+SUM(D33:D35) -> 0.005
B33: =+B32+0.01 -> 4.01 | C33: Poliza de Calidad | D33: 0.0018
B34: =+B33+0.01 -> 4.02 | C34: Poliza de cumplimiento | D34: 0.0018
B35: =+B34+0.01 -> 4.03 | C35: Poliza Salarios y Prestaciones Sociales | D35: 0.0014
B37: 5 | C37: Honorarios (utilidad Interventoria y costos no previstos) | D37: 0.16
C39: TOTAL FACTOR MULTIPLICADOR | D39: =ROUND(+D37+D32+D23+D21+D5,2) -> 2.1
C45: ING OMAR ORTIZ MARIÑO
C46: M.P. 25202-385894 CND

Sheet INTER
B1: ANEXO 8
B2: CÁLCULO DEL INTERVENTORIA
C3: CÁLCULO DE PERSONAL
B4: ITEM. | C4: DESCRIPCCIÓN. | D4: Cantidad | E4: DEDICACIÒN MENSUAL | F4: Salario (incluido auxilio de transporte si aplica) | G4: Factor Prestacional | H4: SALARIO MÁS PRESTACIONES E=A*B*C*D | I4: PORCENTAJE
B5: 1 | C5: COSTOS MENSUALES DE PERSONAL | D5: A | E5: B | F5: C | G5: D | H5: E | I5: %
B6: 1 | C6: Director de Interventoria Porcentaje de dedicación (10%) PROFESIONAL CATEGORIA 1 (EXPERIENCIA PROFESIONAL MINIMO 12 AÑOS - EXPERIENCIA ESPECIFICA MINIMO 10 AÑOS) (INCLUYE SALARIO BASE + FACTOR PRESTACIONAL DEL 72.81%) | D6: 1 | E6: 0.1 | F6: 7958476.4 | G6: =+'F.mult. Inter.'!$D$39 -> 2.1 | H6: =E6*F6*G6 -> 1671280 | I6: =+H6/$H$22 -> 0.034265831
B7: 2 | C7: Residente de Interventoria Porcentaje de dedicación (100%) INGENIERO RESIDENTE (INCLUYE SALARIO BASE + FACTOR PRESTACIONAL DEL 72.81%) | D7: 1 | E7: 1 | F7: 3500000 | G7: =+'F.mult. Inter.'!$D$39 -> 2.1 | H7: =E7*F7*G7 -> 7350000 | I7: =+H7/$H$22 -> 0.15069519
C8: F= TOTAL COSTOS MENSUALES DE PERSONAL | H8: =SUM(H6:H7) -> 9021280 | I8: =+H8/$H$22 -> 0.18496102
C9: NUMERO DE MESES | H9: 4
C10: F= TOTAL COSTOS | H10: =+H8*H9 -> 36085120 | I10: =+H10/$H$22 -> 0.73984407
B12: COSTOS INDIRECTOS MENSUALES (DETALLAR)
C13: Estampilla pro adulto mayor | D13: 0.04 | H13: =+$J$22*D13 -> 1950958.1 | I13: =+H13/$H$22 -> 0.04
C14: Estampilla pro cultura | D14: 0.02 | H14: =+$J$22*D14 -> 975479.07 | I14: =+H14/$H$22 -> 0.02
C15: Tapa pro deporte | D15: 0.02 | H15: =+$J$22*D15 -> 975479.07 | I15: =+H15/$H$22 -> 0.02
C16: Estampilla para la justicia familiar | D16: 0.02 | H16: =+$J$22*D16 -> 975479.07 | I16: =+H16/$H$22 -> 0.02
C17: Otros (papeleria) | H17: 24000 | I17: =+H17/$H$22 -> 0.00049206591
B18: TOTAL COSTOS INDIRECTOS | H18: =SUM(H13:H17) -> 4901395.3 | I18: =+H18/$H$22 -> 0.10049207
B20: TOTAL COSTOS ANTES DE LEGALIZACIÓN | H20: =ROUND(+H18+H10,2) -> 40986515 | I20: =+H20/$H$22 -> 0.84033613 | J20: =+J22/1.19 -> 40986515 | M20: 41022470
B21: IVA 19% | H21: =H20*0.19 -> 7787437.9 | I21: =+H21/$H$22 -> 0.15966387 | J21: =ROUND(+J20*0.19,2) -> 7787437.9 | K21: iva 19% | M21: 7794236.3
B22: VALOR TOTAL | H22: =ROUND(+H21+H20,2) -> 48773953 | I22: =+H22/$H$22 -> 1 | J22: =+PRESUPUESTO!H76 -> 48773953 | K22: presupeusto interventoria | L22: =+PRESUPUESTO!F76 -> 0.1 | M22: =+M21+M20 -> 48816706
J25: =+H22-J22 -> 8.9995563e-05
B26: item | C26: Observaciones
B27: 1 | C27: Se pueden adicionar las filas que se requieran para calcular los costos indirectos
B28: 2 | C28: Las cifras a utilizar deberán ser redondeadas a dos (2) decimales
J30: =+PRESUPUESTO!H76 -> 48773953
A31: Responsable: | J31: =+H22-J30 -> 8.9995563e-05
A34: ING OMAR ORTIZ MARIÑO
A35: M.P. 25202-385894 CND

Sheet F.Prest. Obra
B2: FACROR PRESTACIONAL DEL PERSONAL PROFESIONAL
B4: ITEM | C4: CONCEPTO | D4: PORCENTAJE
B5: 1 | C5: Salarios y Prestaciones sociales de Personal | D5: =+SUM(D6:D19) -> 1.8571
B6: =+B5+0.01 -> 1.01 | C6: Salarios | D6: 1
B7: =+B6+0.01 -> 1.02 | C7: Prima anual (legal) | D7: 0.0833
B8: =+B7+0.01 -> 1.03 | C8: Cesantias | D8: 0.0986
B9: =+B8+0.01 -> 1.04 | C9: Vacasiones | D9: 0.0417
B10: =+B9+0.01 -> 1.05 | C10: Seguridad Social (Pensión) | D10: 0.12
B11: =+B10+0.01 -> 1.06 | C11: Seguridad Social (Salud) | D11: 0.085
B12: =+B11+0.01 -> 1.07 | C12: Caja de compensación familiar | D12: 0.04
B13: =+B12+0.01 -> 1.08 | C13: Riesgos Profesionales | D13: 0.0696
B14: =+B13+0.01 -> 1.09 | C14: Sena | D14: 0.02
B15: =+B14+0.01 -> 1.1 | C15: ICBF | D15: 0.03
B16: =+B15+0.01 -> 1.11 | C16: FIC | D16: 0.038
B17: =+B16+0.01 -> 1.12 | C17: Otros (auxilios varios, prestaciones extralegales, incapacidades no cubiertas) | D17: 0.0334
... B19: =+B18+0.01 -> 1.14 | C19: Dotación | D19: 0.0804
C22: TOTAL FACTOR PRESTACIONAL | D22: =+D5 -> 1.8571
C28: ING OMAR ORTIZ MARIÑO
C29: M.P. 25202-385894 CND

Sheet AIU
B1: ANEXO 4
B2: CÁLCULO DEL A.I.U
C3: CÁLCULO DE PERSONAL
B4: ITEM. | C4: DESCRIPCCIÓN. | D4: Cantidad | E4: DEDICACIÒN MENSUAL | F4: Salario (incluido auxilio de transporte si aplica) | G4: Factor Prestacional | H4: SALARIO MÁS PRESTACIONES E=A*B*C*D | I4: PORCENTAJE
B5: 1 | C5: COSTOS MENSUALES DE PERSONAL | D5: A | E5: B | F5: C | G5: D | H5: E | I5: %
B6: 1 | C6: Director de obra Porcentaje de dedicación (20%) PROFESIONAL CATEGORIA 1 (EXPERIENCIA PROFESIONAL MINIMO 12 AÑOS - EXPERIENCIA ESPECIFICA MINIMO 10 AÑOS) (INCLUYE SALARIO BASE + FACTOR PRESTACIONAL | D6: 1 | E6: 0.1 | F6: =+INTER!F6 -> 7958476.4 | G6: =+'F.Prest. Obra'!$D$22 -> 1.8571 | H6: =+ROUND(E6*F6*G6,2) -> 1477968.6 | I6: =+H6/$H$34 -> 0.013785936
B7: 2 | C7: Residente de obra Porcentaje de dedicación (100%) INGENIERO RESIDENTE (INCLUYE SALARIO BASE + FACTOR PRESTACIONAL | D7: 1 | E7: 1 | F7: =+INTER!F7 -> 3500000 | G7: =+'F.Prest. Obra'!$D$22 -> 1.8571 | H7: =+ROUND(E7*F7*G7,2) -> 6499850 | I7: =+H7/$H$34 -> 0.060628159
B8: 3 | C8: Topografo Porcentaje de dedicación (100%) TOPÓGRAFO INSPECTOR (INCLUYE SALARIO BASE + FACTOR PRESTACIONAL | D8: 1 | E8: 0.8 | F8: 3113550.2 | G8: =+'F.Prest. Obra'!$D$22 -> 1.8571 | H8: =+E8*F8*G8 -> 4625739.3 | I8: =+H8/$H$34 -> 0.043147159
C9: F= TOTAL COSTOS MENSUALES DE PERSONAL | H9: =+SUM(H6:H8) -> 12603558 | I9: =+H9/$H$34 -> 0.11756125
C10: NUMERO DE MESES | H10: 4
C11: TOTAL COSTOS | H11: =ROUND(+H9*H10,2) -> 50414232 | I11: =+H11/$H$34 -> 0.47024502
B13: DESCUENTOS E IMPUESTOS MUNICIPALES
C14: Estampilla pro adulto mayor | D14: 0.04 | H14: =+ROUND($J$34*D14,2) -> 4288337.4 | I14: =+H14/$H$34 -> 0.04
C15: Estampilla pro cultura | D15: 0.02 | H15: =+ROUND($J$34*D15,2) -> 2144168.7 | I15: =+H15/$H$34 -> 0.02
C16: Tapa pro deporte | D16: 0.02 | H16: =+ROUND($J$34*D16,2) -> 2144168.7 | I16: =+H16/$H$34 -> 0.02
C17: Otros (papeleria) | H17: 24000 | I17: =+H17/$H$34 -> 0.00022386298
B18: TOTAL DESCUENTOS E IMPUESTOS MUNICIPALES | H18: =ROUND(SUM(H14:H17),2) -> 8600674.7 | I18: =+H18/$H$34 -> 0.080223863
B20: COSTOS FUNCIONAMIENTO
C21: ITEM | E21: UNITARIO | F21: MES/CANTIDAD
C22: Auxilio para Papeleria | E22: 90000 | F22: 4 | H22: =+E22*F22 -> 360000 | I22: =+H22/$H$34 -> 0.0033579448
C23: Arriendo oficina y bodega | E23: 600000 | F23: 4 | H23: =+E23*F23 -> 2400000 | I23: =+H23/$H$34 -> 0.022386298
C24: Alquiler camioneta | E24: 3500000 | F24: 4 | H24: =+E24*F24 -> 14000000 | I24: =+H24/$H$34 -> 0.13058674
C25: Ensayos laboratorio (compresion concreto) | E25: 100000 | F25: 16 | H25: =+E25*F25 -> 1600000 | I25: =+H25/$H$34 -> 0.014924199
C26: Auxilio para gastos de comunicación | E26: 100000 | F26: 4 | H26: =+E26*F26 -> 400000 | I26: =+H26/$H$34 -> 0.0037310497
C27: Auxilio para gastos de software y equipos | E27: 211152.91 | F27: 4 | H27: =+E27*F27 -> 844611.64 | I27: =+H27/$H$34 -> 0.0078782201
B28: TOTAL COSTOS FUNCIONAMIENTO | H28: =ROUND(SUM(H21:H27),2) -> 19604612 | I28: =+H28/$H$34 -> 0.18286445
B30: COSTOS TOTALES | H30: =ROUND(+H18+H11+H28,2) -> 78619518 | I30: =+H30/$H$34 -> 0.73333333
B31: I=(H/PRESUPUESTO OFICIAL MENSUAL)=ADMINISTRACIÓN [ A ] % | G31: =+PRESUPUESTO!E71 -> 0.22 | H31: =+H30 -> 78619518 | I31: =+H31/$H$34 -> 0.73333333 | J31: =+PRESUPUESTO!F71 -> 78619518
B32: J =IMPREVISTOS [ I ] % | G32: =+PRESUPUESTO!E72 -> 0.03 | H32: =+PRESUPUESTO!F72 -> 10720843 | I32: =+H32/$H$34 -> 0.1 | J32: =+PRESUPUESTO!F72 -> 10720843
B33: K= UTILIDAD ESPERADA [ U ]% | G33: =+PRESUPUESTO!E73 -> 0.05 | H33: =+PRESUPUESTO!F73 -> 17868072 | I33: =+H33/$H$34 -> 0.16666667 | J33: =+PRESUPUESTO!F73 -> 17868072
B34: L= (I+J+K) =PORCENTAJE TOTAL AIU | H34: =+ROUND(H31+H32+H33,2) -> 1.0720843e+08 | I34: =+H34/$H$34 -> 1 | J34: =+PRESUPUESTO!I71 -> 1.0720843e+08 | K34: =+PRESUPUESTO!I71 -> 1.0720843e+08 | L34: =+K34-H34 -> 0
J36: =+J34-H34 -> 0
B37: item | C37: Observaciones
B38: 1 | C38: Se pueden adicionar las filas que se requieran para calcular los costos indirectos
B39: 2 | C39: Las cifras a utilizar deberán ser redondeadas a dos (2) decimales
A42: Responsable:
A45: ING OMAR ORTIZ MARIÑO
A46: M.P. 25202-385894 CND

Sheet PRESUPUESTO
D1: ALCALDIA BRICEÑO - BOYACÁ
F4: DEL CONTRATO DE OBRA N° / AÑO
J6: VALOR TOTAL MODIFICACIONES PRESENTE ACTA
J7: VALOR TOTAL PRESENTE ACTA
J8: CONDICIONES ACTUALIZADAS SEGÚN ACTA DE ACTA DE MODIFICACIÓN | L8: ACUMULADO ANTERIOR
D9: FORMATO | K9: VERSIÓN: 2
A11: PRESUPUESTO GENERAL AJUSTADO Construcción y adquisición de bienes y/o servicios | K11: FECHA: 10/03/2026
A13: PROY.: | C13: CONSULTORIA PARA REALIZAR LOS ESTUDIOS Y DISEÑOS PARA EL MEJORAMIENTO DE VIAS TERCIARIAS MEDIANTE LA CONSTRUCCION DE PLACA HUELLAS EN LAS VEREDAS BUENAVISTA Y MORAY DEL MUNICIPIO DE BRICEÑO, DEPARTAMENTO DE BOYACÁ, VIGENCIA 2026. | K13: AÑO BASE DE LOS PRECIOS | L13: 2026
K15: 1er AÑO DE LOS RECURSOS | L15: 2026
A16: PRESUPUESTO GENERAL
A17: Nº | B17: REF GOBER. | C17: DESCRIPCION | D17: FUENTE | E17: UNIDAD | F17: CANTIDAD | G17: DIST | H17: VR UNITARIO | I17: VR TOTAL | J17: VR UNITARIO CON AIU | K17: VR TOTAL CON AIU | L17: % | O17: UNITARIO*DIST | P17: UNITARIO + DIST | Q17: VR TOTAL | R17: CEROS | S17: UNITARIO + DIST *AIU | T17: CEROS | U17: VR TOTAL AIU | V17: CEROS
A18: 1 | B18: EXPLANACIONES | H18: TIPO | I18: OBRA PÚBLICA
A19: 1.01 | B19: 3.02.03 | C19: EXCAVACION DE CORTES, CANALES Y PRESTAMOS EN MATERIAL COMUN A MAQUINA INCLUYE CARGUE Y ACARREO LIBRE DE 5 KM | D19: Precios Gober. | E19: Metro Cúbico | F19: =+'1,01'!AN85 -> 484.42 | G19: 0 | H19: =+Apus!J40 -> 20252.01 | I19: =H19*F19+(H19*F19*G19) -> 9810478.7 | J19: =H19*(1+G19)*1.3 -> 26327.613 | K19: =ROUND(F19*J19,2) -> 12753622 | L19: =IF(I19>0,(+I19/H$77),"") -> 0.018285614 | O19: =+G19*H19 -> 0 | P19: =+O19+H19 -> 20252.01 | Q19: =+P19*F19 -> 9810478.7 | R19: =+Q19-I19 -> 0 | S19: =+P19*1.3 -> 26327.613 | T19: =+S19-J19 -> 0 | U19: =+S19*F19 -> 12753622 | V19: =+U19-K19 -> -0.00053999946
H20: SUBTOTAL GRUPO | I20: =SUM(I19:I19) -> 9810478.7 | K20: =SUM(K18:K19) -> 12753622 | L20: =IF(I20>0,(+I20/H$77),"") -> 0.018285614
A21: 2 | B21: AFIRMADO, SUBBASES Y BASES | H21: TIPO | I21: OBRA PÚBLICA
A22: 2.01 | B22: 3.04.05 | C22: SUMINISTRO, EXTENDIDA Y COMPACTACIÓN DE MATERIAL PARA AFIRMADO HASTA UN DIÁMETRO DE 5" Y UN ÍNDICE PLÁSTICO MENOR O IGUAL 9% Y COMPACTO AL 95% PROCTOR, INCLUYE ACARREO LIBRE 5 KM (**) | D22: Precios Gober. | E22: Metro Cúbico | F22: =+'2,01'!AN85 -> 133.04 | G22: 0 | H22: =+Apus!J101 -> 106587.96 | I22: =H22*F22+(H22*F22*G22) -> 14180462 | J22: =H22*(1+G22)*1.3 -> 138564.35 | K22: =ROUND(F22*J22,2) -> 18434601 | L22: =IF(I22>0,(+I22/H$77),"") -> 0.026430766 | O22: =+G22*H22 -> 0 | P22: =+O22+H22 -> 106587.96 | Q22: =+P22*F22 -> 14180462 | R22: =+Q22-I22 -> 0 | S22: =+P22*1.3 -> 138564.35 | T22: =+S22-J22 -> 0 | U22: =+S22*F22 -> 18434601 | V22: =+U22-K22 -> -0.0020799972
A23: 2.02 | B23: 3.04.07 | C23: SUMINISTRO, EXTENDIDA Y COMPACTACIÓN DE MATERIAL SELECCIÓNADO PARA SUBBASE GRANULAR (INCLUYE ACARREO LIBRE HASTA 5KM) (**) | D23: Precios Gober. | E23: Metro Cúbico | F23: =+'2,02'!AN77 -> 190.69 | G23: 0 | H23: =+Apus!J168 -> 144296.14 | I23: =H23*F23+(H23*F23*G23) -> 27515831 | J23: =H23*(1+G23)*1.3 -> 187584.98 | K23: =ROUND(F23*J23,2) -> 35770580 | L23: =IF(I23>0,(+I23/H$77),"") -> 0.051286373 | O23: =+G23*H23 -> 0 | P23: =+O23+H23 -> 144296.14 | Q23: =+P23*F23 -> 27515831 | R23: =+Q23-I23 -> 0 | S23: =+P23*1.3 -> 187584.98 | T23: =+S23-J23 -> 0 | U23: =+S23*F23 -> 35770580 | V23: =+U23-K23 -> -0.0024199933
H24: SUBTOTAL GRUPO | I24: =SUM(I22:I23) -> 41696293 | K24: =SUM(K22:K23) -> 54205181 | L24: =IF(I24>0,(+I24/H$77),"") -> 0.077717139
A25: 3 | B25: PAVIMENTACION TIPO PLACA HUELLA | H25: TIPO | I25: OBRA PÚBLICA
A26: 3.01 | B26: 3.05.11 | C26: CONCRETO PARA PLACA HUELLA DE 21 MPa - (3000 PSI). (INCLUYE CORTE Y SELLO DE JUNTAS). | D26: Precios Gober. | E26: Metro Cúbico | F26: =+'3,01'!AN85 -> 76.14 | G26: 0.06 | H26: =+Apus!J229 -> 855295.73 | I26: =H26*F26+(H26*F26*G26) -> 69029550 | J26: =H26*(1+G26)*1.3 -> 1178597.5 | K26: =ROUND(F26*J26,2) -> 89738415 | L26: =IF(I26>0,(+I26/H$77),"") -> 0.12866321 | O26: =+G26*H26 -> 51317.744 | P26: =+O26+H26 -> 906613.47 | Q26: =+P26*F26 -> 69029550 | R26: =+Q26-I26 -> 0 | S26: =+P26*1.3 -> 1178597.5 | T26: =+S26-J26 -> 0 | U26: =+S26*F26 -> 89738415 | V26: =+U26-K26 -> 0.0036716014
A27: 3.02 | B27: 3.03.21 | C27: SUMINISTRO E INSTALACIÓN DE CONCRETO CICLOPEO DE 21 MPA (3000 PSI) , 60% RAJON PARA PLACA HUELLAS INCLUYE SELLO DE JUNTAS | D27: Precios Gober. | E27: Metro Cúbico | F27: =+'3,02'!AN77 -> 59.45 | G27: 0.06 | H27: =+Apus!J292 -> 603051.53 | I27: =H27*F27+(H27*F27*G27) -> 38002498 | J27: =H27*(1+G27)*1.3 -> 831005.01 | K27: =ROUND(F27*J27,2) -> 49403248 | L27: =IF(I27>0,(+I27/H$77),"") -> 0.070832326 | M27: =K27*(1+J27)*1.3 -> 5.3370714e+13 | O27: =+G27*H27 -> 36183.092 | P27: =+O27+H27 -> 639234.62 | Q27: =+P27*F27 -> 38002498 | R27: =+Q27-I27 -> 0 | S27: =+P27*1.3 -> 831005.01 | T27: =+S27-J27 -> 0 | U27: =+S27*F27 -> 49403248 | V27: =+U27-K27 -> -0.0041869879
A28: 3.03 | B28: 2.02.13 | C28: CONCRETO PARA VIGA DE AMARRE 21 MPa (3000 PSI) SECCION RECTANGULAR | D28: Precios Gober. | E28: Metro Cúbico | F28: =+'3,03'!AN77 -> 28.76 | G28: 0.06 | H28: =+Apus!J351 -> 887643.35 | I28: =H28*F28+(H28*F28*G28) -> 27060340 | J28: =H28*(1+G28)*1.3 -> 1223172.5 | K28: =ROUND(F28*J28,2) -> 35178442 | L28: =IF(I28>0,(+I28/H$77),"") -> 0.05043739 | O28: =+G28*H28 -> 53258.601 | P28: =+O28+H28 -> 940901.95 | Q28: =+P28*F28 -> 27060340 | R28: =+Q28-I28 -> 0 | S28: =+P28*1.3 -> 1223172.5 | T28: =+S28-J28 -> 0 | U28: =+S28*F28 -> 35178442 | V28: =+U28-K28 -> 0.0039880052
A29: 3.04 | B29: 2.02.35 | C29: SUMINISTRO, FIGURADA Y AMARRE DE ACERO DE 420 MPa (60000 PSI) | D29: Precios Gober. | E29: Kilogramo | F29: =+'3,04'!AU173 -> 12539.16 | G29: 0.06 | H29: =+Apus!J412 -> 7675.05 | I29: =H29*F29+(H29*F29*G29) -> 1.02013e+08 | J29: =H29*(1+G29)*1.3 -> 10576.219 | K29: =ROUND(F29*J29,2) -> 1.326169e+08 | L29: =IF(I29>0,(+I29/H$77),"") -> 0.19014061 | O29: =+G29*H29 -> 460.503 | P29: =+O29+H29 -> 8135.553 | Q29: =+P29*F29 -> 1.02013e+08 | R29: =+Q29-I29 -> 0 | S29: =+P29*1.3 -> 10576.219 | T29: =+S29-J29 -> 0 | U29: =+S29*F29 -> 1.326169e+08 | V29: =+U29-K29 -> 0.0021239966
H30: SUBTOTAL GRUPO | I30: =SUM(I26:I29) -> 2.3610539e+08 | K30: =SUM(K26:K29) -> 3.0693701e+08 | L30: =IF(I30>0,(+I30/H$77),"") -> 0.44007354
A31: 4 | B31: OBRAS DE DRENAJE, PROTECCION Y ESTRUCTURAS | H31: TIPO | I31: OBRA PÚBLICA
A32: 4.01 | B32: 3.03.05 | C32: CUNETAS REVESTIDAS EN CONCRETO DE 21 MPA ( 3000 PSI) SIN REFUERZO (INCLUYE SELLO DE JUNTAS) | D32: Precios Gober. | E32: Metro Cúbico | F32: =+'4,01'!AN85 -> 70.78 | G32: 0.06 | H32: =+Apus!J475 -> 778309.86 | I32: =H32*F32+(H32*F32*G32) -> 58394098 | J32: =H32*(1+G32)*1.3 -> 1072511 | K32: =ROUND(F32*J32,2) -> 75912328 | L32: =IF(I32>0,(+I32/H$77),"") -> 0.10883994 | O32: =+G32*H32 -> 46698.592 | P32: =+O32+H32 -> 825008.45 | Q32: =+P32*F32 -> 58394098 | R32: =+Q32-I32 -> 0 | S32: =+P32*1.3 -> 1072511 | T32: =+S32-J32 -> 0 | U32: =+S32*F32 -> 75912328 | V32: =+U32-K32 -> -0.0044775903
H33: SUBTOTAL GRUPO | I33: =SUM(I32) -> 58394098 | K33: =SUM(K32) -> 75912328 | L33: =IF(I33>0,(+I33/H$77),"") -> 0.10883994
A34: 5 | B34: TRANSPORTE | H34: TIPO | I34: OBRA PÚBLICA
A35: 5.01 | B35: 3.12.03 | C35: TRANSPORTE DE MATERIAL DE AFIRMADO Y/O GRANULAR SUELTO (MEDIDO EN BANCO) DESPUÉS DE 5 KM. | D35: Precios Gober. | E35: M3-Km | F35: =+'5,01'!AN79 -> 4106.61 | G35: 0 | H35: =+Apus!J519 -> 2765.1 | I35: =H35*F35+(H35*F35*G35) -> 11355187 | J35: =H35*(1+G35)*1.3 -> 3594.63 | K35: =ROUND(F35*J35,2) -> 14761744 | L35: =IF(I35>0,(+I35/H$77),"") -> 0.021164775 | O35: =+G35*H35 -> 0 | P35: =+O35+H35 -> 2765.1 | Q35: =+P35*F35 -> 11355187 | R35: =+Q35-I35 -> 0 | S35: =+P35*1.3 -> 3594.63 | T35: =+S35-J35 -> 0 | U35: =+S35*F35 -> 14761744 | V35: =+U35-K35 -> 0.0043000001
H36: SUBTOTAL GRUPO | I36: =SUM(I35) -> 11355187 | K36: =SUM(K35) -> 14761744 | L36: =IF(I36>0,(+I36/H$77),"") -> 0.021164775 | Q36: =+SUM(Q17:Q35) -> 3.5736145e+08 | U36: =+SUM(U17:U35) -> 4.6456988e+08
A37: 6 | B37: SEÑALIZACION (PMT) | H37: TIPO | I37: SERVICIOS
C38: SERVICIOS
A39: =+A37+0.01 -> 6.01 | C39: AUXILIAR DE TRANSITO 1 | D39: Precios Gober. | E39: MES | F39: 4 | G39: 0 | H39: 1623500 | I39: =H39*F39+(H39*F39*G39) -> 6494000 | J39: 1623500 | K39: =ROUND(F39*J39,2) -> 6494000 | L39: =IF(I39>0,(+I39/H$77),"") -> 0.012104076
C40: BIENES | H40: TIPO | I40: BIENES
A41: =+A39+0.01 -> 6.02 | C41: BARRICADA DE LISTONES | D41: Precios Gober. | E41: Unidad | F41: 2 | G41: 0 | H41: 490000 | I41: =H41*F41+(H41*F41*G41) -> 980000 | J41: 490000 | K41: =ROUND(F41*J41,2) -> 980000 | L41: =IF(I41>0,(+I41/H$77),"") -> 0.0018266083 | O41: =+I36+I33+I30+I24+I20 -> 3.5736145e+08 | P41: =+K36+K33+K30+K24+K20 -> 4.6456988e+08 | Q41: =+O41*1.3 -> 4.6456988e+08
A42: =+A41+0.01 -> 6.03 | C42: DELINEADOR COMPUESTO | D42: Precios Gober. | E42: Unidad | F42: 4 | G42: 0 | H42: 35000 | I42: =H42*F42+(H42*F42*G42) -> 140000 | J42: 35000 | K42: =ROUND(F42*J42,2) -> 140000 | L42: =IF(I42>0,(+I42/H$77),"") -> 0.00026094405
A43: =+A42+0.01 -> 6.04 | C43: BARRICADA PLASTICA | D43: Precios Gober. | E43: Unidad | F43: 2 | G43: 0 | H43: 413000 | I43: =H43*F43+(H43*F43*G43) -> 826000 | J43: 413000 | K43: =ROUND(F43*J43,2) -> 826000 | L43: =IF(I43>0,(+I43/H$77),"") -> 0.0015395699 | O43: =+I36+I33+I30+I24+I20 -> 3.5736145e+08 | Q43: =+K36+K33+K30+K24+K20 -> 4.6456988e+08
A44: =+A43+0.01 -> 6.05 | C44: CONO DE SEÑALIZACION H=0.70m CON FRANJAS DE CINTA REFLECTIVA SEGÚN NORMA INVIAS | D44: Precios Gober. | E44: Unidad | F44: 4 | G44: 0 | H44: 42000 | I44: =H44*F44+(H44*F44*G44) -> 168000 | J44: 42000 | K44: =ROUND(F44*J44,2) -> 168000 | L44: =IF(I44>0,(+I44/H$77),"") -> 0.00031313285 | P44: =+O43+I71 -> 4.6456988e+08
A45: =+A44+0.01 -> 6.06 | C45: PALETA PLASTICA PARE-SIGA | D45: Precios Gober. | E45: Unidad | F45: 2 | G45: 0 | H45: 35000 | I45: =H45*F45+(H45*F45*G45) -> 70000 | J45: 35000 | K45: =ROUND(F45*J45,2) -> 70000 | L45: =IF(I45>0,(+I45/H$77),"") -> 0.00013047202 | P45: =+P44-Q43 -> 0.0018299222
A46: =+A45+0.01 -> 6.07 | C46: SEÑAL VIAL REGLAMENTARIA DE OBRA, TAMAÑO 75X75 SEGÚN NORMA INVIAS | D46: Precios Gober. | E46: Unidad | F46: 2 | G46: 0 | H46: 462327.6 | I46: =H46*F46+(H46*F46*G46) -> 924655.2 | J46: 462327.6 | K46: =ROUND(F46*J46,2) -> 924655.2 | L46: =IF(I46>0,(+I46/H$77),"") -> 0.0017234519
A47: =+A46+0.01 -> 6.08 | C47: SEÑAL VIAL PREVENTIVA DE OBRA, TAMAÑO 75X75 SEGÚN NORMA INVIAS | D47: Precios Gober. | E47: Unidad | F47: 2 | G47: 0 | H47: 329057.4 | I47: =H47*F47+(H47*F47*G47) -> 658114.8 | J47: 329057.4 | K47: =ROUND(F47*J47,2) -> 658114.8 | L47: =IF(I47>0,(+I47/H$77),"") -> 0.001226651
A48: =+A47+0.01 -> 6.09 | C48: SEÑAL INFORMATIVA INICIO Y FIN DE OBRA | D48: Precios Gober. | E48: Unidad | F48: 2 | G48: 0 | H48: 683172 | I48: =H48*F48+(H48*F48*G48) -> 1366344 | J48: 683172 | K48: =ROUND(F48*J48,2) -> 1366344 | L48: =IF(I48>0,(+I48/H$77),"") -> 0.0025467095
H49: SUBTOTAL GRUPO | I49: =SUM(I39:I48) -> 11627114 | K49: =ROUND(SUM(K39:K48),0) -> 11627114 | L49: =IF(I49>0,(+I49/H$77),"") -> 0.021671615
A50: 7 | B50: PMA | H50: TIPO | I50: SERVICIOS
A51: 7.01 | B51: 9.01.12 | C51: ESPECIALISTA AMBIENTAL (INCLUYE SALARIO BASE + FACTOR PRESTACIONAL DEL 72.85%) | D51: Precios Gober. | E51: MES | F51: 0.5 | G51: 0 | H51: 7795717.8 | I51: =ROUND(+H51*F51+(H51*F51*G51),2) -> 3897858.9 | J51: 7795717.8 | K51: =ROUND(F51*J51,2) -> 3897858.9 | L51: =IF(I51>0,(+I51/H$77),"") -> 0.0072651648
A52: 7.02 | B52: 9.01.21 | C52: OPERADOR AUXILIAR DE EQUIPO (INCLUYE SALARIO BASE + FACTOR PRESTACIONAL DEL 72.85%) | D52: Precios Gober. | E52: MES | F52: 2 | G52: 0 | H52: 2279507.5 | I52: =ROUND(+H52*F52+(H52*F52*G52),2) -> 4559015 | J52: 2279507.5 | K52: =ROUND(F52*J52,2) -> 4559015 | L52: =IF(I52>0,(+I52/H$77),"") -> 0.0084974844
A53: 7.03 | C53: BASURA COLOR ROJO, VERDE Y GRIS | D53: Precios Gober. | E53: Unidad | F53: 1 | G53: 0 | H53: 245000 | I53: =ROUND(+H53*F53+(H53*F53*G53),2) -> 245000 | J53: 245000 | K53: =ROUND(F53*J53,2) -> 245000 | L53: =IF(I53>0,(+I53/H$77),"") -> 0.00045665208
H54: SUBTOTAL GRUPO | I54: =SUM(I51:I53) -> 8701873.9 | K54: =SUM(K51:K53) -> 8701873.9 | L54: =IF(I54>0,(+I54/H$77),"") -> 0.016219301
O56: =+K54+K49+K36+K33+K30+K24+K20+I68 -> 4.8773953e+08
O57: =+O56+H76 -> 5.3651349e+08
D58: INFORMACIÓN CONSOLIDADA FORMULACIÓN INICIAL
D60: COSTO DIRECTO | H60: =ROUND(SUM(F62:F64),2) -> 3.7769043e+08 | L60: =IF(H60>0,(+H60/H77),0) -> 0.70397193
D62: Bienes | F62: =+I41+I42+I43+I44+I45+I46+I47+I48+I53 -> 5378114
D63: Servicios | F63: =+I39+I51+I52 -> 14950874
D64: Obra Pública | F64: =ROUND(+I36+I33+I30+I24+I20,2) -> 3.5736145e+08
D66: COSTO INDIRECTO | H66: =+I68+I71+I74 -> 1.100491e+08 | L66: =+L68+L72+L74 -> 0.20511898
C67: =+H60+H66 -> 4.8773953e+08
D68: Bienes | F68: 0 | H68: IVA | I68: =+F68+F69 -> 2840666 | L68: =IF(I68>0,(+I68/H77),0) -> 0.0052946778
D69: Servicios | F69: =F63*0.19 -> 2840666
D71: Administración | E71: 0.22 | F71: =ROUND(+F64*E71,2) -> 78619518 | H71: AIU | I71: =+F71+F72+F73 -> 1.0720843e+08
D72: Imprevistos | E72: 0.03 | F72: =ROUND(+F64*E72,2) -> 10720843 | L72: =IF(I71>0,(+I71/H77),0) -> 0.1998243
D73: Utilidad | E73: 0.05 | F73: =ROUND(+F64*E73,2) -> 17868072
D74: Otros Costos | E74: Administración General | H74: 0 | I74: =+H60*H74 -> 0 | L74: =IF(I74>0,(+I74/H77),0) -> 0
D75: SUBTOTAL | H75: =+H66+H60 -> 4.8773953e+08 | L75: =+L60+L66 -> 0.90909091
D76: Interventoría | F76: 0.1 | H76: =+H75*F76 -> 48773953 | L76: =IF(H76>0,(+H76/H77),0) -> 0.090909091
D77: TOTAL PRESUPUESTO | H77: =+ROUND(+H76+H75,2) -> 5.3651349e+08 | L77: =SUM(L75:L76) -> 1
D81: ________________________________________
D82: Realizó: OMAR JHON BYRON ORTIZ MARIÑO
D84: ________________________________________
D85: Aprobó
G88: verif | H88: 4.8816739e+08
H89: =+H75/(160+90) -> 1950958.1
H90: 490000000
H91: =+H75-H90 -> -2260465.8
H92: =+H91/H89 -> -1.1586439

Sheet 1,01
I1: ALCALDIA DE BRICEÑO
A3: ALCALDIA | I3: BRICEÑO | U3: FORMATO | AE3: MEMORIAS DE CALCULO
A5: OBJETO DEL PROYECTO | I5: "CONSULTORIA PARA REALIZAR LOS ESTUDIOS Y DISEÑOS PARA EL MEJORAMIENTO DE VIAS TERCIARIAS MEDIANTE LA CONSTRUCCION DE PLACA HUELLAS EN LAS VEREDAS BUENAVISTA Y MORAY DEL MUNICIPIO DE BRICEÑO, DEPARTAMENTO DE BOYACÁ, VIGENCIA 2026"
A7: DESCRIPCION | H7: =+VLOOKUP(AE7,PRESUPUESTO!$A$18:$E$36,3,FALSE) -> EXCAVACION DE CORTES, CANALES Y PRESTAMOS EN MATERIAL COMUN A MAQUINA INCLUYE CARGUE Y ACARREO LIBRE DE 5 KM | U7: ITEM | AE7: 1.01 | AJ7: UNID. | AK7: =+VLOOKUP(AE7,PRESUPUESTO!$A$18:$E$36,4,FALSE) -> Precios Gober. | AL7: UBICACIÓN | AM7: BUENAVISTA
AI8: Localización | AJ8: Dimensiones | AM8: No Elem. | AN8: Medida Total
AL9: Volumen Acu
AI10: 0+000.000 | AJ10: =+'[114]2.2'!AJ10:AK10 -> PLACA HUELLA
AI11: 0+010.000 | AJ11: PLACA HUELLA
AI12: 0+020.000 | AJ12: PLACA HUELLA
AI13: 0+030.000 | AJ13: PLACA HUELLA
AI14: 0+040.000 | AJ14: PLACA HUELLA
AI15: 0+050.000 | AJ15: PLACA HUELLA
AI16: 0+060.000 | AJ16: PLACA HUELLA
AI17: 0+070.000 | AJ17: PLACA HUELLA
AI18: 0+080,000 | AJ18: PLACA HUELLA
AI19: 0+090,000 | AJ19: PLACA HUELLA
AI20: 0+100,000 | AJ20: PLACA HUELLA
AI21: 0+110,000 | AJ21: PLACA HUELLA
AI22: 0+120,000 | AJ22: PLACA HUELLA
... AI24: 0+140,000 | AJ24: PLACA HUELLA
AI25: 0+146,000 | AJ25: PLACA HUELLA | AL25: 253.64 | AM25: 1 | AN25: =+AM25*AL25 -> 253.64
AI35: excavacion vigas intermedias | AJ35: 5.2 | AK35: 0.2 | AL35: 0.15 | AM35: =+'3,03'!AM10 -> 49 | AN35: =+AJ35*AK35*AL35*AM35 -> 7.644
AI36: excavacion vigas iniciales | AJ36: 5.2 | AK36: 0.35 | AL36: 0.25 | AM36: 2 | AN36: =+AJ36*AK36*AL36*AM36 -> 0.91
A39: OBSERVACIONES: VOLUMENES EXTRAIDOS DEL CALCULO DEL DISEÑO GEOMETRICO | AI39: Subtotal | AN39: =SUM(AN10:AN38) -> 262.194
AI40: Vienen | AN40: 0
AI41: TOTAL | AN41: =ROUND(+AN39+AN40,2) -> 262.19
B42: Responsable Presupuesto:
C44: OMAR JHON BYRON ORTIZ MARIÑO | T44: SECRETARIO DE PLANEACIÓN, OBRAS PUBLICAS Y DESARROLLO URBANO
I45: ALCALDIA DE BRICEÑO
A47: ALCALDIA | I47: BRICEÑO | U47: FORMATO | AE47: MEMORIAS DE CALCULO
A49: OBJETO DEL PROYECTO | I49: "CONSULTORIA PARA REALIZAR LOS ESTUDIOS Y DISEÑOS PARA EL MEJORAMIENTO DE VIAS TERCIARIAS MEDIANTE LA CONSTRUCCION DE PLACA HUELLAS EN LAS VEREDAS BUENAVISTA Y MORAY DEL MUNICIPIO DE BRICEÑO, DEPARTAMENTO DE BOYACÁ, VIGENCIA 2026"
A51: DESCRIPCION | H51: =+VLOOKUP(AE51,PRESUPUESTO!$A$18:$E$36,3,FALSE) -> SUMINISTRO, EXTENDIDA Y COMPACTACIÓN DE MATERIAL PARA AFIRMADO HASTA UN DIÁMETRO DE 5" Y UN ÍNDICE PLÁSTICO MENOR O IGUAL 9% Y COMPACTO AL 95% PROCTOR, INCLUYE ACARREO LIBRE 5 KM (**) | U51: ITEM | AE51: 2.01 | AJ51: UNID. | AK51: =+VLOOKUP(AE51,PRESUPUESTO!$A$18:$E$36,4,FALSE) -> Precios Gober. | AL51: UBICACIÓN | AM51: MORAY
AI52: Localización | AJ52: Dimensiones | AM52: No Elem. | AN52: Medida Total
AL53: Volumen Acu
AI54: 0+000.000 | AJ54: =+'2,01'!AJ10:AK10 -> PLACA HUELLA
AI55: 0+010.000 | AJ55: PLACA HUELLA
AI56: 0+020.000 | AJ56: PLACA HUELLA
AI57: 0+030.000 | AJ57: PLACA HUELLA
AI58: 0+040.000 | AJ58: PLACA HUELLA
AI59: 0+050.000 | AJ59: PLACA HUELLA
AI60: 0+060.000 | AJ60: PLACA HUELLA
AI61: 0+070.000 | AJ61: PLACA HUELLA
AI62: 0+080,000 | AJ62: PLACA HUELLA
AI63: 0+090,000 | AJ63: PLACA HUELLA | AL63: 216.64 | AM63: 1 | AN63: =+AM63*AL63 -> 216.64
AI79: excavacion vigas intermedias | AJ79: 5.2 | AK79: 0.2 | AL79: 0.15 | AM79: =+'3,03'!AM50 -> 30 | AN79: =+AJ79*AK79*AL79*AM79 -> 4.68
AI80: excavacion vigas iniciales | AJ80: 5.2 | AK80: 0.35 | AL80: 0.25 | AM80: 2 | AN80: =+AJ80*AK80*AL80*AM80 -> 0.91
A83: OBSERVACIONES: VOLUMENES EXTRAIDOS DEL CALCULO DEL DISEÑO GEOMETRICO | AI83: Subtotal | AN83: =+SUM(AN54:AN82) -> 222.23
AI84: Vienen | AN84: =+AN41 -> 262.19
AI85: TOTAL | AN85: =ROUND(+AN83+AN84,2) -> 484.42
B86: Responsable Presupuesto:
C88: OMAR JHON BYRON ORTIZ MARIÑO | T88: SECRETARIO DE PLANEACIÓN, OBRAS PUBLICAS Y DESARROLLO URBANO

Sheet 2,01
I1: ALCALDIA DE BRICEÑO
A3: ALCALDIA | I3: BRICEÑO | U3: FORMATO | AE3: MEMORIAS DE CALCULO
A5: OBJETO DEL PROYECTO | I5: "CONSULTORIA PARA REALIZAR LOS ESTUDIOS Y DISEÑOS PARA EL MEJORAMIENTO DE VIAS TERCIARIAS MEDIANTE LA CONSTRUCCION DE PLACA HUELLAS EN LAS VEREDAS BUENAVISTA Y MORAY DEL MUNICIPIO DE BRICEÑO, DEPARTAMENTO DE BOYACÁ, VIGENCIA 2026"
A7: DESCRIPCION | H7: =+VLOOKUP(AE7,PRESUPUESTO!$A$18:$E$36,3,FALSE) -> SUMINISTRO, EXTENDIDA Y COMPACTACIÓN DE MATERIAL PARA AFIRMADO HASTA UN DIÁMETRO DE 5" Y UN ÍNDICE PLÁSTICO MENOR O IGUAL 9% Y COMPACTO AL 95% PROCTOR, INCLUYE ACARREO LIBRE 5 KM (**) | U7: ITEM | AE7: 2.01 | AJ7: UNID. | AK7: =+VLOOKUP(AE7,PRESUPUESTO!$A$18:$E$36,4,FALSE) -> Precios Gober. | AL7: UBICACIÓN | AM7: BUENAVISTA
AI8: Localización | AJ8: Dimensiones | AM8: No Elem. | AN8: Medida Total
AL9: Volumen Acu
AI10: 0+000.000 | AJ10: PLACA HUELLA
AI11: 0+010.000 | AJ11: PLACA HUELLA
AI12: 0+020.000 | AJ12: PLACA HUELLA
AI13: 0+030.000 | AJ13: PLACA HUELLA
AI14: 0+040.000 | AJ14: PLACA HUELLA
AI15: 0+050.000 | AJ15: PLACA HUELLA
AI16: 0+060.000 | AJ16: PLACA HUELLA
AI17: 0+070.000 | AJ17: PLACA HUELLA
AI18: 0+080,000 | AJ18: PLACA HUELLA
AI19: 0+090,000 | AJ19: PLACA HUELLA
AI20: 0+100,000 | AJ20: PLACA HUELLA
AI21: 0+110,000 | AJ21: PLACA HUELLA
... AI24: 0+140,000 | AJ24: PLACA HUELLA
AI25: 0+146,000 | AJ25: PLACA HUELLA | AL25: 83.9 | AM25: 1 | AN25: =+AM25*AL25 -> 83.9
A39: OBSERVACIONES: VOLUMENES EXTRAIDOS DEL CALCULO DEL DISEÑO GEOMETRICO | AI39: Subtotal | AN39: =+SUM(AN10:AN38) -> 83.9
AI40: Vienen | AN40: 0
AI41: TOTAL | AN41: =ROUND(+AN39+AN40,2) -> 83.9
B42: Responsable Presupuesto:
C44: OMAR JHON BYRON ORTIZ MARIÑO | T44: SECRETARIO DE PLANEACIÓN, OBRAS PUBLICAS Y DESARROLLO URBANO
I45: ALCALDIA DE BRICEÑO
A47: ALCALDIA | I47: BRICEÑO | U47: FORMATO | AE47: MEMORIAS DE CALCULO
A49: OBJETO DEL PROYECTO | I49: "CONSULTORIA PARA REALIZAR LOS ESTUDIOS Y DISEÑOS PARA EL MEJORAMIENTO DE VIAS TERCIARIAS MEDIANTE LA CONSTRUCCION DE PLACA HUELLAS EN LAS VEREDAS BUENAVISTA Y MORAY DEL MUNICIPIO DE BRICEÑO, DEPARTAMENTO DE BOYACÁ, VIGENCIA 2026"
A51: DESCRIPCION | H51: =+VLOOKUP(AE51,PRESUPUESTO!$A$18:$E$36,3,FALSE) -> SUMINISTRO, EXTENDIDA Y COMPACTACIÓN DE MATERIAL PARA AFIRMADO HASTA UN DIÁMETRO DE 5" Y UN ÍNDICE PLÁSTICO MENOR O IGUAL 9% Y COMPACTO AL 95% PROCTOR, INCLUYE ACARREO LIBRE 5 KM (**) | U51: ITEM | AE51: 2.01 | AJ51: UNID. | AK51: =+VLOOKUP(AE51,PRESUPUESTO!$A$18:$E$36,4,FALSE) -> Precios Gober. | AL51: UBICACIÓN | AM51: MORAY
AI52: Localización | AJ52: Dimensiones | AM52: No Elem. | AN52: Medida Total
AL53: Volumen Acu
AI54: 0+000.000 | AJ54: PLACA HUELLA
AI55: 0+010.000 | AJ55: PLACA HUELLA
AI56: 0+020.000 | AJ56: PLACA HUELLA
AI57: 0+030.000 | AJ57: PLACA HUELLA
AI58: 0+040.000 | AJ58: PLACA HUELLA
AI59: 0+050.000 | AJ59: PLACA HUELLA
AI60: 0+060.000 | AJ60: PLACA HUELLA
AI61: 0+070.000 | AJ61: PLACA HUELLA
AI62: 0+080,000 | AJ62: PLACA HUELLA
AI63: 0+090,000 | AJ63: PLACA HUELLA | AL63: 49.14 | AM63: 1 | AN63: =+AM63*AL63 -> 49.14
A83: OBSERVACIONES: VOLUMENES EXTRAIDOS DEL CALCULO DEL DISEÑO GEOMETRICO | AI83: Subtotal | AN83: =+SUM(AN54:AN82) -> 49.14
AI84: Vienen | AN84: =+AN41 -> 83.9
AI85: TOTAL | AN85: =ROUND(+AN83+AN84,2) -> 133.04
B86: Responsable Presupuesto:
C88: OMAR JHON BYRON ORTIZ MARIÑO | T88: SECRETARIO DE PLANEACIÓN, OBRAS PUBLICAS Y DESARROLLO URBANO

Sheet 2,02
I1: ALCALDIA DE BRICEÑO
A3: ALCALDIA | I3: BRICEÑO | U3: FORMATO | AE3: MEMORIAS DE CALCULO
A5: OBJETO DEL PROYECTO | I5: "CONSULTORIA PARA REALIZAR LOS ESTUDIOS Y DISEÑOS PARA EL MEJORAMIENTO DE VIAS TERCIARIAS MEDIANTE LA CONSTRUCCION DE PLACA HUELLAS EN LAS VEREDAS BUENAVISTA Y MORAY DEL MUNICIPIO DE BRICEÑO, DEPARTAMENTO DE BOYACÁ, VIGENCIA 2026"
A7: DESCRIPCION | H7: =+VLOOKUP(AE7,PRESUPUESTO!$A$18:$E$36,3,FALSE) -> SUMINISTRO, EXTENDIDA Y COMPACTACIÓN DE MATERIAL SELECCIÓNADO PARA SUBBASE GRANULAR (INCLUYE ACARREO LIBRE HASTA 5KM) (**) | U7: ITEM | AE7: 2.02 | AJ7: UNID. | AK7: =+VLOOKUP(AE7,PRESUPUESTO!$A$18:$E$36,4,FALSE) -> Precios Gober. | AL7: UBICACIÓN | AM7: BUENAVISTA
AI8: Localización | AJ8: Dimensiones | AM8: No Elem. | AN8: Medida Total
AL9: VOLUMEN ACU.
AI10: 0+000.000 | AJ10: PLACA HUELLA
AI11: 0+010.000 | AJ11: PLACA HUELLA
AI12: 0+020.000 | AJ12: PLACA HUELLA
AI13: 0+030.000 | AJ13: PLACA HUELLA
AI14: 0+040.000 | AJ14: PLACA HUELLA
AI15: 0+050.000 | AJ15: PLACA HUELLA
AI16: 0+060.000 | AJ16: PLACA HUELLA
AI17: 0+070.000 | AJ17: PLACA HUELLA
AI18: 0+080,000 | AJ18: PLACA HUELLA
AI19: 0+090,000 | AJ19: PLACA HUELLA
AI20: 0+100,000 | AJ20: PLACA HUELLA
AI21: 0+110,000 | AJ21: PLACA HUELLA
... AI24: 0+140,000 | AJ24: PLACA HUELLA
AI25: 0+146,000 | AJ25: PLACA HUELLA | AL25: 120.63 | AM25: 1 | AN25: =+AM25*AL25 -> 120.63
A35: OBSERVACIONES: | AI35: Subtotal | AN35: =SUM(AN10:AN34) -> 120.63
AI36: Vienen | AN36: 0
AI37: TOTAL | AN37: =ROUND(+AN35+AN36,2) -> 120.63
B38: Responsable Presupuesto:
C40: OMAR JHON BYRON ORTIZ MARIÑO | T40: SECRETARIO DE PLANEACIÓN, OBRAS PUBLICAS Y DESARROLLO URBANO
I41: ALCALDIA DE BRICEÑO
A43: ALCALDIA | I43: BRICEÑO | U43: FORMATO | AE43: MEMORIAS DE CALCULO
A45: OBJETO DEL PROYECTO | I45: "CONSULTORIA PARA REALIZAR LOS ESTUDIOS Y DISEÑOS PARA EL MEJORAMIENTO DE VIAS TERCIARIAS MEDIANTE LA CONSTRUCCION DE PLACA HUELLAS EN LAS VEREDAS BUENAVISTA Y MORAY DEL MUNICIPIO DE BRICEÑO, DEPARTAMENTO DE BOYACÁ, VIGENCIA 2026"
A47: DESCRIPCION | H47: =+VLOOKUP(AE47,PRESUPUESTO!$A$18:$E$36,3,FALSE) -> SUMINISTRO, EXTENDIDA Y COMPACTACIÓN DE MATERIAL SELECCIÓNADO PARA SUBBASE GRANULAR (INCLUYE ACARREO LIBRE HASTA 5KM) (**) | U47: ITEM | AE47: 2.02 | AJ47: UNID. | AK47: =+VLOOKUP(AE47,PRESUPUESTO!$A$18:$E$36,4,FALSE) -> Precios Gober. | AL47: UBICACIÓN | AM47: MORAY
AI48: Localización | AJ48: Dimensiones | AM48: No Elem. | AN48: Medida Total
AL49: VOLUMEN ACU.
AI50: 0+000.000 | AJ50: PLACA HUELLA
AI51: 0+010.000 | AJ51: PLACA HUELLA
AI52: 0+020.000 | AJ52: PLACA HUELLA
AI53: 0+030.000 | AJ53: PLACA HUELLA
AI54: 0+040.000 | AJ54: PLACA HUELLA
AI55: 0+050.000 | AJ55: PLACA HUELLA
AI56: 0+060.000 | AJ56: PLACA HUELLA
AI57: 0+070.000 | AJ57: PLACA HUELLA
AI58: 0+080,000 | AJ58: PLACA HUELLA
AI59: 0+090,000 | AJ59: PLACA HUELLA | AL59: 70.06 | AM59: 1 | AN59: =+AM59*AL59 -> 70.06
A75: OBSERVACIONES: | AI75: Subtotal | AN75: =+SUM(AN50:AN74) -> 70.06
AI76: Vienen | AN76: =+AN37 -> 120.63
AI77: TOTAL | AN77: =ROUND(+AN75+AN76,2) -> 190.69 | AO77: 201.58
B78: Responsable Presupuesto:
C80: OMAR JHON BYRON ORTIZ MARIÑO | T80: SECRETARIO DE PLANEACIÓN, OBRAS PUBLICAS Y DESARROLLO URBANO
I81: ALCALDIA DE LA VICTORIA
A83: ALCALDIA | I83: LA VICTORIA | U83: FORMATO | AE83: MEMORIAS DE CALCULO
A85: OBJETO DEL PROYECTO | I85: Mejoramiento y adecuación de la red vial terciaria mediante la construcción de placa huellas en las veredas tarpeya y minachal del municipio de Briceño Boyacá.
A87: DESCRIPCION | H87: =+H47 -> SUMINISTRO, EXTENDIDA Y COMPACTACIÓN DE MATERIAL SELECCIÓNADO PARA SUBBASE GRANULAR (INCLUYE ACARREO LIBRE HASTA 5KM) (**) | U87: ITEM | AE87: =+AE47 -> 2.02 | AJ87: UNID. | AK87: =+AK47 -> Precios Gober. | AL87: UBICACIÓN
AO117: 201.58
B118: Responsable Presupuesto:
I121: ALCALDIA DE LA VICTORIA
A123: ALCALDIA | I123: LA VICTORIA | U123: FORMATO | AE123: MEMORIAS DE CALCULO
A125: OBJETO DEL PROYECTO | I125: Mejoramiento y adecuación de la red vial terciaria mediante la construcción de placa huellas en las veredas tarpeya y minachal del municipio de Briceño Boyacá.
A127: DESCRIPCION | H127: =+H87 -> SUMINISTRO, EXTENDIDA Y COMPACTACIÓN DE MATERIAL SELECCIÓNADO PARA SUBBASE GRANULAR (INCLUYE ACARREO LIBRE HASTA 5KM) (**) | U127: ITEM | AE127: =+AE87 -> 2.02 | AJ127: UNID. | AK127: =+AK87 -> Precios Gober. | AL127: UBICACIÓN
AO157: 201.58
B158: Responsable Presupuesto:
I161: ALCALDIA DE LA VICTORIA
A163: ALCALDIA | I163: LA VICTORIA | U163: FORMATO | AE163: MEMORIAS DE CALCULO
A165: OBJETO DEL PROYECTO | I165: Mejoramiento y adecuación de la red vial terciaria mediante la construcción de placa huellas en las veredas tarpeya y minachal del municipio de Briceño Boyacá.
A167: DESCRIPCION | H167: =+H127 -> SUMINISTRO, EXTENDIDA Y COMPACTACIÓN DE MATERIAL SELECCIÓNADO PARA SUBBASE GRANULAR (INCLUYE ACARREO LIBRE HASTA 5KM) (**) | U167: ITEM | AE167: =+AE127 -> 2.02 | AJ167: UNID. | AK167: =+AK127 -> Precios Gober. | AL167: UBICACIÓN
AO197: 201.58
B198: Responsable Presupuesto:

Sheet 3,0
I1: ALCALDIA DE BRICEÑO
A3: ALCALDIA | I3: BRICEÑO | U3: FORMATO | AE3: MEMORIAS DE CALCULO
A5: OBJETO DEL PROYECTO | I5: "CONSULTORIA PARA REALIZAR LOS ESTUDIOS Y DISEÑOS PARA EL MEJORAMIENTO DE VIAS TERCIARIAS MEDIANTE LA CONSTRUCCION DE PLACA HUELLAS EN LAS VEREDAS BUENAVISTA Y MORAY DEL MUNICIPIO DE BRICEÑO, DEPARTAMENTO DE BOYACÁ, VIGENCIA 2026"
A7: DESCRIPCION | H7: =+VLOOKUP(AE7,PRESUPUESTO!$A$18:$E$36,3,FALSE) -> SUMINISTRO E INSTALACIÓN DE CONCRETO CICLOPEO DE 21 MPA (3000 PSI) , 60% RAJON PARA PLACA HUELLAS INCLUYE SELLO DE JUNTAS | U7: ITEM | AE7: 3.02 | AJ7: UNID. | AK7: =+VLOOKUP(AE7,PRESUPUESTO!$A$18:$E$36,4,FALSE) -> Precios Gober. | AL7: UBICACIÓN | AM7: BUENAVISTA
AI8: Localización | AJ8: Dimensiones | AM8: No Elem. | AN8: Medida Total
AL9: VOLUMEN ACU.
AI10: 0+000.000 | AJ10: PLACA HUELLA
AI11: 0+010.000 | AJ11: PLACA HUELLA
AI12: 0+020.000 | AJ12: PLACA HUELLA
AI13: 0+030.000 | AJ13: PLACA HUELLA
AI14: 0+040.000 | AJ14: PLACA HUELLA
AI15: 0+050.000 | AJ15: PLACA HUELLA
AI16: 0+060.000 | AJ16: PLACA HUELLA
AI17: 0+070.000 | AJ17: PLACA HUELLA
AI18: 0+080,000 | AJ18: PLACA HUELLA
AI19: 0+090,000 | AJ19: PLACA HUELLA
AI20: 0+100,000 | AJ20: PLACA HUELLA
AI21: 0+110,000 | AJ21: PLACA HUELLA
... AI27: 0+170,000 | AJ27: PLACA HUELLA
A35: OBSERVACIONES: | AI35: Subtotal | AN35: =SUM(AN10:AN34) -> 0
AI36: Vienen | AN36: 0
AI37: TOTAL | AN37: =ROUND(+AN35+AN36,2) -> 0 | AO37: 201.58
B38: Responsable Presupuesto:
B39: Residente de obra: | T39: Director de obra: | AJ39: Interventoria:
B40: Mat. Profesional | T40: Mat. Profesional | AJ40: Mat. Profesional
I41: ALCALDIA DE BRICEÑO
A43: ALCALDIA | I43: BRICEÑO | U43: FORMATO | AE43: MEMORIAS DE CALCULO
A45: OBJETO DEL PROYECTO | I45: "CONSULTORIA PARA REALIZAR LOS ESTUDIOS Y DISEÑOS PARA EL MEJORAMIENTO DE VIAS TERCIARIAS MEDIANTE LA CONSTRUCCION DE PLACA HUELLAS EN LAS VEREDAS BUENAVISTA Y MORAY DEL MUNICIPIO DE BRICEÑO, DEPARTAMENTO DE BOYACÁ, VIGENCIA 2026"
A47: DESCRIPCION | H47: =+VLOOKUP(AE47,PRESUPUESTO!$A$18:$E$36,3,FALSE) -> SUMINISTRO E INSTALACIÓN DE CONCRETO CICLOPEO DE 21 MPA (3000 PSI) , 60% RAJON PARA PLACA HUELLAS INCLUYE SELLO DE JUNTAS | U47: ITEM | AE47: 3.02 | AJ47: UNID. | AK47: =+VLOOKUP(AE47,PRESUPUESTO!$A$18:$E$36,4,FALSE) -> Precios Gober. | AL47: UBICACIÓN | AM47: MORAY
AI48: Localización | AJ48: Dimensiones | AM48: No Elem. | AN48: Medida Total
AL49: VOLUMEN ACU.
AI50: 0+000.000 | AJ50: PLACA HUELLA
AI51: 0+010.000 | AJ51: PLACA HUELLA
AI52: 0+020.000 | AJ52: PLACA HUELLA
AI53: 0+030.000 | AJ53: PLACA HUELLA
AI54: 0+040.000 | AJ54: PLACA HUELLA
AI55: 0+050.000 | AJ55: PLACA HUELLA
AI56: 0+060.000 | AJ56: PLACA HUELLA
AI57: 0+070.000 | AJ57: PLACA HUELLA
AI58: 0+080,000 | AJ58: PLACA HUELLA
AI59: 0+090,000 | AJ59: PLACA HUELLA
A75: OBSERVACIONES: | AI75: Subtotal | AN75: =+SUM(AN50:AN74) -> 0
AI76: Vienen | AN76: =+AN37 -> 0
AI77: TOTAL | AN77: =ROUND(+AN75+AN76,2) -> 0 | AO77: 201.58
B78: Responsable Presupuesto:
B79: Residente de obra: | T79: Director de obra: | AJ79: Interventoria:
B80: Mat. Profesional | T80: Mat. Profesional | AJ80: Mat. Profesional
I81: ALCALDIA DE BRICEÑO
A83: ALCALDIA | I83: BRICEÑO | U83: FORMATO | AE83: MEMORIAS DE CALCULO
A85: OBJETO DEL PROYECTO | I85: Mejoramiento y adecuación de la red vial terciaria mediante la construcción de placa huellas en las veredas tarpeya y minachal del municipio de Briceño Boyacá.
A87: DESCRIPCION | H87: =+H47 -> SUMINISTRO E INSTALACIÓN DE CONCRETO CICLOPEO DE 21 MPA (3000 PSI) , 60% RAJON PARA PLACA HUELLAS INCLUYE SELLO DE JUNTAS | U87: ITEM | AE87: =+AE47 -> 3.02 | AJ87: UNID. | AK87: =+AK47 -> Precios Gober. | AL87: UBICACIÓN
AO117: 201.58
B118: Responsable Presupuesto:
I121: ALCALDIA DE BRICEÑO
A123: ALCALDIA | I123: BRICEÑO | U123: FORMATO | AE123: MEMORIAS DE CALCULO
A125: OBJETO DEL PROYECTO | I125: Mejoramiento y adecuación de la red vial terciaria mediante la construcción de placa huellas en las veredas tarpeya y minachal del municipio de Briceño Boyacá.
A127: DESCRIPCION | H127: =+H87 -> SUMINISTRO E INSTALACIÓN DE CONCRETO CICLOPEO DE 21 MPA (3000 PSI) , 60% RAJON PARA PLACA HUELLAS INCLUYE SELLO DE JUNTAS | U127: ITEM | AE127: =+AE87 -> 3.02 | AJ127: UNID. | AK127: =+AK87 -> Precios Gober. | AL127: UBICACIÓN
AO157: 201.58
B158: Responsable Presupuesto:
I161: ALCALDIA DE BRICEÑO
A163: ALCALDIA | I163: BRICEÑO | U163: FORMATO | AE163: MEMORIAS DE CALCULO
A165: OBJETO DEL PROYECTO | I165: Mejoramiento y adecuación de la red vial terciaria mediante la construcción de placa huellas en las veredas tarpeya y minachal del municipio de Briceño Boyacá.
A167: DESCRIPCION | H167: =+H127 -> SUMINISTRO E INSTALACIÓN DE CONCRETO CICLOPEO DE 21 MPA (3000 PSI) , 60% RAJON PARA PLACA HUELLAS INCLUYE SELLO DE JUNTAS | U167: ITEM | AE167: =+AE127 -> 3.02 | AJ167: UNID. | AK167: =+AK127 -> Precios Gober. | AL167: UBICACIÓN
AO197: 201.58
B198: Responsable Presupuesto:

Sheet 3,01
I1: ALCALDIA DE BRICEÑO
A3: ALCALDIA | I3: BRICEÑO | U3: FORMATO | AE3: MEMORIAS DE CALCULO
A5: OBJETO DEL PROYECTO | I5: "CONSULTORIA PARA REALIZAR LOS ESTUDIOS Y DISEÑOS PARA EL MEJORAMIENTO DE VIAS TERCIARIAS MEDIANTE LA CONSTRUCCION DE PLACA HUELLAS EN LAS VEREDAS BUENAVISTA Y MORAY DEL MUNICIPIO DE BRICEÑO, DEPARTAMENTO DE BOYACÁ, VIGENCIA 2026"
A7: DESCRIPCION | H7: =+VLOOKUP(AE7,PRESUPUESTO!$A$18:$E$36,3,FALSE) -> CONCRETO PARA PLACA HUELLA DE 21 MPa - (3000 PSI). (INCLUYE CORTE Y SELLO DE JUNTAS). | U7: ITEM | AE7: 3.01 | AJ7: UNID. | AK7: =+VLOOKUP(AE7,PRESUPUESTO!$A$18:$E$36,4,FALSE) -> Precios Gober. | AL7: UBICACIÓN | AM7: BUENAVISTA
AI8: Localización | AJ8: Dimensiones | AM8: No Elem. | AN8: Medida Total
AJ9: LONG. | AK9: ALTURA | AL9: ANCHO
AI10: 0+000.000
AI11: 0+146 | AJ11: 146 | AK11: 0.15 | AL11: 0.9 | AM11: 2 | AN11: =+AJ11*AK11*AL11*AM11 -> 39.42
AJ12: AREA
AI13: SOBREANCHO1 | AJ13: 18.56 | AK13: 0.15 | AM13: 1 | AN13: =+AJ13*AK13*AM13 -> 2.784
AI15: SOBREANCHO2 | AJ15: 41.96 | AK15: 0.15 | AM15: 1 | AN15: =+AJ15*AK15*AM15 -> 6.294
AI19: (-) RIOSTRA | AJ19: =+AL11 -> 0.9 | AK19: 0.15 | AL19: =+'3,03'!AL10 -> 0.2 | AM19: =+'3,03'!AM10*2 -> 98 | AN19: =+AJ19*AK19*AL19*AM19*-1 -> -2.646
AP23: 152
AP37: 104
A39: OBSERVACIONES: | AI39: Subtotal | AN39: =SUM(AN10:AN38) -> 45.852
AI40: Vienen | AN40: 0
AI41: TOTAL | AN41: =ROUND(+AN39+AN40,2) -> 45.85
B42: Responsable Presupuesto:
C44: OMAR JHON BYRON ORTIZ MARIÑO | T44: SECRETARIO DE PLANEACIÓN, OBRAS PUBLICAS Y DESARROLLO URBANO
I45: ALCALDIA DE BRICEÑO
A47: ALCALDIA | I47: BRICEÑO | U47: FORMATO | AE47: MEMORIAS DE CALCULO
A49: OBJETO DEL PROYECTO | I49: "CONSULTORIA PARA REALIZAR LOS ESTUDIOS Y DISEÑOS PARA EL MEJORAMIENTO DE VIAS TERCIARIAS MEDIANTE LA CONSTRUCCION DE PLACA HUELLAS EN LAS VEREDAS BUENAVISTA Y MORAY DEL MUNICIPIO DE BRICEÑO, DEPARTAMENTO DE BOYACÁ, VIGENCIA 2026"
A51: DESCRIPCION | H51: =+VLOOKUP(AE51,PRESUPUESTO!$A$18:$E$36,3,FALSE) -> CONCRETO PARA PLACA HUELLA DE 21 MPa - (3000 PSI). (INCLUYE CORTE Y SELLO DE JUNTAS). | U51: ITEM | AE51: 3.01 | AJ51: UNID. | AK51: =+VLOOKUP(AE51,PRESUPUESTO!$A$18:$E$36,4,FALSE) -> Precios Gober. | AL51: UBICACIÓN | AM51: MORAY
AI52: Localización | AJ52: Dimensiones | AM52: No Elem. | AN52: Medida Total
AJ53: LONG. | AK53: ALTURA | AL53: ANCHO
AI54: 0+000.000
AI55: 0+090 | AJ55: 90 | AK55: 0.15 | AL55: 0.9 | AM55: 2 | AN55: =+AJ55*AK55*AL55*AM55 -> 24.3
AJ56: AREA
AI57: SOBREANCHO1 | AJ57: 50.71 | AK57: 0.15 | AM57: 1 | AN57: =+AJ57*AK57*AM57 -> 7.6065
AI63: (-) RIOSTRA | AJ63: =+AL55 -> 0.9 | AK63: 0.15 | AL63: =+'3,03'!AL50 -> 0.2 | AM63: =+'3,03'!AM50*2 -> 60 | AN63: =+AJ63*AK63*AL63*AM63*-1 -> -1.62
AP67: 152
AP81: 104
A83: OBSERVACIONES: | AI83: Subtotal | AN83: =+SUM(AN54:AN82) -> 30.2865
AI84: Vienen | AN84: =+AN41 -> 45.85
AI85: TOTAL | AN85: =ROUND(+AN83+AN84,2) -> 76.14
B86: Responsable Presupuesto:
C88: OMAR JHON BYRON ORTIZ MARIÑO | T88: SECRETARIO DE PLANEACIÓN, OBRAS PUBLICAS Y DESARROLLO URBANO
AI92: 234.47 | AJ92: 1.8 | AK92: 0.2 | AL92: =+AI92*AJ92*AK92 -> 84.4092

Sheet 3,02
I1: ALCALDIA DE BRICEÑO
A3: ALCALDIA | I3: BRICEÑO | U3: FORMATO | AE3: MEMORIAS DE CALCULO
A5: OBJETO DEL PROYECTO | I5: "CONSULTORIA PARA REALIZAR LOS ESTUDIOS Y DISEÑOS PARA EL MEJORAMIENTO DE VIAS TERCIARIAS MEDIANTE LA CONSTRUCCION DE PLACA HUELLAS EN LAS VEREDAS BUENAVISTA Y MORAY DEL MUNICIPIO DE BRICEÑO, DEPARTAMENTO DE BOYACÁ, VIGENCIA 2026"
A7: DESCRIPCION | H7: =+VLOOKUP(AE7,PRESUPUESTO!$A$18:$E$36,3,FALSE) -> SUMINISTRO E INSTALACIÓN DE CONCRETO CICLOPEO DE 21 MPA (3000 PSI) , 60% RAJON PARA PLACA HUELLAS INCLUYE SELLO DE JUNTAS | U7: ITEM | AE7: 3.02 | AJ7: UNID. | AK7: =+VLOOKUP(AE7,PRESUPUESTO!$A$18:$E$36,4,FALSE) -> Precios Gober. | AL7: UBICACIÓN | AM7: BUENAVISTA
AI8: Localización | AJ8: Dimensiones | AM8: No Elem. | AN8: Medida Total
AJ9: LONG. | AK9: ALTURA | AL9: ANCHO
AI10: 0+000.000
AI11: 0+146 | AJ11: =+'3,01'!AJ11 -> 146 | AK11: 0.15 | AL11: 0.9 | AM11: 1 | AN11: =+AJ11*AK11*AL11*AM11 -> 19.71
AI13: 0+146 | AJ13: =+AJ11 -> 146 | AK13: 0.15 | AL13: 0.45 | AM13: 2 | AN13: =+AJ13*AK13*AL13*AM13 -> 19.71
AI15: (-) RIOSTRA | AJ15: =+AL11 -> 0.9 | AK15: 0.15 | AL15: =+'3,01'!AL19 -> 0.2 | AM15: =+'3,03'!AM10 -> 49 | AN15: =+AJ15*AK15*AL15*AM15*-1 -> -1.323
AI16: (-) RIOSTRA | AJ16: =+AL13 -> 0.45 | AK16: 0.15 | AL16: =+'3,01'!AL19 -> 0.2 | AM16: =+'3,03'!AM10*2 -> 98 | AN16: =+AJ16*AK16*AL16*AM16*-1 -> -1.323
A35: OBSERVACIONES: | AI35: Subtotal | AN35: =SUM(AN10:AN34) -> 36.774
AI36: Vienen | AN36: 0
AI37: TOTAL | AN37: =ROUND(+AN35+AN36,2) -> 36.77
B38: Responsable Presupuesto:
C40: OMAR JHON BYRON ORTIZ MARIÑO | T40: SECRETARIO DE PLANEACIÓN, OBRAS PUBLICAS Y DESARROLLO URBANO
I41: ALCALDIA DE BRICEÑO
A43: ALCALDIA | I43: BRICEÑO | U43: FORMATO | AE43: MEMORIAS DE CALCULO
A45: OBJETO DEL PROYECTO | I45: "CONSULTORIA PARA REALIZAR LOS ESTUDIOS Y DISEÑOS PARA EL MEJORAMIENTO DE VIAS TERCIARIAS MEDIANTE LA CONSTRUCCION DE PLACA HUELLAS EN LAS VEREDAS BUENAVISTA Y MORAY DEL MUNICIPIO DE BRICEÑO, DEPARTAMENTO DE BOYACÁ, VIGENCIA 2026"
A47: DESCRIPCION | H47: =+VLOOKUP(AE47,PRESUPUESTO!$A$18:$E$36,3,FALSE) -> SUMINISTRO E INSTALACIÓN DE CONCRETO CICLOPEO DE 21 MPA (3000 PSI) , 60% RAJON PARA PLACA HUELLAS INCLUYE SELLO DE JUNTAS | U47: ITEM | AE47: 3.02 | AJ47: UNID. | AK47: =+VLOOKUP(AE47,PRESUPUESTO!$A$18:$E$36,4,FALSE) -> Precios Gober. | AL47: UBICACIÓN | AM47: MORAY
AI48: Localización | AJ48: Dimensiones | AM48: No Elem. | AN48: Medida Total
AJ49: LONG. | AK49: ALTURA | AL49: ANCHO
AI50: 0+000.000
AI51: 0+090 | AJ51: =+'3,01'!AJ55 -> 90 | AK51: 0.15 | AL51: 0.9 | AM51: 1 | AN51: =+AJ51*AK51*AL51*AM51 -> 12.15
AI53: 0+090 | AJ53: =+AJ51 -> 90 | AK53: 0.15 | AL53: 0.45 | AM53: 2 | AN53: =+AJ53*AK53*AL53*AM53 -> 12.15
AI55: (-) RIOSTRA | AJ55: =+AL51 -> 0.9 | AK55: 0.15 | AL55: =+'3,01'!AL63 -> 0.2 | AM55: =+'3,03'!AM50 -> 30 | AN55: =+AJ55*AK55*AL55*AM55*-1 -> -0.81
AI56: (-) RIOSTRA | AJ56: =+AL53 -> 0.45 | AK56: 0.15 | AL56: =+'3,01'!AL63 -> 0.2 | AM56: =+'3,03'!AM50*2 -> 60 | AN56: =+AJ56*AK56*AL56*AM56*-1 -> -0.81
A75: OBSERVACIONES: | AI75: Subtotal | AN75: =+SUM(AN50:AN74) -> 22.68
AI76: Vienen | AN76: =+AN37 -> 36.77
AI77: TOTAL | AN77: =ROUND(+AN75+AN76,2) -> 59.45
B78: Responsable Presupuesto:
C80: OMAR JHON BYRON ORTIZ MARIÑO | T80: SECRETARIO DE PLANEACIÓN, OBRAS PUBLICAS Y DESARROLLO URBANO

Sheet 3,03
I1: ALCALDIA DE BRICEÑO
A3: ALCALDIA | I3: BRICEÑO | U3: FORMATO | AE3: MEMORIAS DE CALCULO
A5: OBJETO DEL PROYECTO | I5: "CONSULTORIA PARA REALIZAR LOS ESTUDIOS Y DISEÑOS PARA EL MEJORAMIENTO DE VIAS TERCIARIAS MEDIANTE LA CONSTRUCCION DE PLACA HUELLAS EN LAS VEREDAS BUENAVISTA Y MORAY DEL MUNICIPIO DE BRICEÑO, DEPARTAMENTO DE BOYACÁ, VIGENCIA 2026"
A7: DESCRIPCION | H7: =+VLOOKUP(AE7,PRESUPUESTO!$A$18:$E$36,3,FALSE) -> CONCRETO PARA VIGA DE AMARRE 21 MPa (3000 PSI) SECCION RECTANGULAR | U7: ITEM | AE7: 3.03 | AJ7: UNID. | AK7: =+VLOOKUP(AE7,PRESUPUESTO!$A$18:$E$36,4,FALSE) -> Precios Gober. | AL7: UBICACIÓN | AM7: BUENAVISTA
AI8: Localización | AJ8: Dimensiones | AM8: No Elem. | AN8: Medida Total
AJ9: LONG. | AK9: ALTURA | AL9: ANCHO
AI10: RIOSTRA | AJ10: 5.2 | AK10: 0.35 | AL10: 0.2 | AM10: =+ROUND(('3,01'!AJ11/3),0) -> 49 | AN10: =+AJ10*AK10*AL10*AM10 -> 17.836
A35: OBSERVACIONES: | AI35: Subtotal | AN35: =SUM(AN10:AN34) -> 17.836
AI36: Vienen | AN36: 0
AI37: TOTAL | AN37: =ROUND(+AN35+AN36,2) -> 17.84
B38: Responsable Presupuesto:
C40: OMAR JHON BYRON ORTIZ MARIÑO | T40: SECRETARIO DE PLANEACIÓN, OBRAS PUBLICAS Y DESARROLLO URBANO
I41: ALCALDIA DE BRICEÑO
A43: ALCALDIA | I43: BRICEÑO | U43: FORMATO | AE43: MEMORIAS DE CALCULO
A45: OBJETO DEL PROYECTO | I45: "CONSULTORIA PARA REALIZAR LOS ESTUDIOS Y DISEÑOS PARA EL MEJORAMIENTO DE VIAS TERCIARIAS MEDIANTE LA CONSTRUCCION DE PLACA HUELLAS EN LAS VEREDAS BUENAVISTA Y MORAY DEL MUNICIPIO DE BRICEÑO, DEPARTAMENTO DE BOYACÁ, VIGENCIA 2026"
A47: DESCRIPCION | H47: =+VLOOKUP(AE47,PRESUPUESTO!$A$18:$E$36,3,FALSE) -> CONCRETO PARA VIGA DE AMARRE 21 MPa (3000 PSI) SECCION RECTANGULAR | U47: ITEM | AE47: 3.03 | AJ47: UNID. | AK47: =+VLOOKUP(AE47,PRESUPUESTO!$A$18:$E$36,4,FALSE) -> Precios Gober. | AL47: UBICACIÓN | AM47: MORAY
AI48: Localización | AJ48: Dimensiones | AM48: No Elem. | AN48: Medida Total
AJ49: LONG. | AK49: ALTURA | AL49: ANCHO
AI50: RIOSTRA | AJ50: 5.2 | AK50: 0.35 | AL50: 0.2 | AM50: =+ROUND(('3,01'!AJ55/3),0) -> 30 | AN50: =+AJ50*AK50*AL50*AM50 -> 10.92
A75: OBSERVACIONES: | AI75: Subtotal | AN75: =+SUM(AN50:AN74) -> 10.92
AI76: Vienen | AN76: =+AN37 -> 17.84
AI77: TOTAL | AN77: =ROUNDDOWN(+AN75+AN76,2) -> 28.76
B78: Responsable Presupuesto:
C80: OMAR JHON BYRON ORTIZ MARIÑO | T80: SECRETARIO DE PLANEACIÓN, OBRAS PUBLICAS Y DESARROLLO URBANO

Sheet 3,04
I1: ALCALDIA DE BRICEÑO
A3: ALCALDIA | I3: BRICEÑO | U3: FORMATO | AL3: MEMORIAS DE CALCULO
A5: OBJETO DEL PROYECTO | I5: "CONSULTORIA PARA REALIZAR LOS ESTUDIOS Y DISEÑOS PARA EL MEJORAMIENTO DE VIAS TERCIARIAS MEDIANTE LA CONSTRUCCION DE PLACA HUELLAS EN LAS VEREDAS BUENAVISTA Y MORAY DEL MUNICIPIO DE BRICEÑO, DEPARTAMENTO DE BOYACÁ, VIGENCIA 2026"
A7: DESCRIPCION | H7: =+VLOOKUP(AL7,PRESUPUESTO!$A$18:$E$36,3,FALSE) -> SUMINISTRO, FIGURADA Y AMARRE DE ACERO DE 420 MPa (60000 PSI) | U7: ITEM | AL7: 3.04 | AQ7: UNID. | AR7: =+VLOOKUP(AL7,PRESUPUESTO!$A$18:$E$36,4,FALSE) -> Precios Gober. | AS7: UBICACIÓN | AT7: BUENAVISTA
AC8: Localización | AQ8: Dimensiones | AT8: cant | AU8: Peso Total
AQ9: Longitud | AR9: f | AS9: Peso x m
AC10: LONG. HUELLA | AQ10: =+AH13 -> 6 | AR10: 4 | AS10: 0.996 | AT10: =+ROUND(('3,01'!AJ11/6),0)*16 -> 384 | AU10: =+AQ10*AS10*AT10 -> 2294.784 | AV10: 4 | AW10: =+'[114]4.2'!AL10 -> #REF! | AX10: =+AV10*AW10-AR10 -> #REF!
AH13: 6
AX14: f
AC15: LONG. HUELLA traslapo | AQ15: =+AH18 -> 0.7 | AR15: 4 | AS15: 0.996 | AT15: =+(ROUND(('3,01'!AJ11/6),0)-1)*8 -> 184 | AU15: =+AQ15*AS15*AT15 -> 128.2848
AH18: 0.7
AC20: TRANSVERSAL. HUELLA | AQ20: =+AH23 -> 0.8 | AR20: 3 | AS20: 0.56 | AT20: =+ROUND(('3,01'!AJ11/0.15),0)*2 -> 1946 | AU20: =+AQ20*AS20*AT20 -> 871.808
AH23: 0.8
AC25: LONG. CUNETA | AQ25: =+AH28 -> 6 | AR25: 4 | AS25: 0.996 | AT25: =+ROUND(('3,01'!AJ11/6),0)*8 -> 192 | AU25: =+AQ25*AS25*AT25 -> 1147.392
AH28: 6
AC30: LONG. HUELLA traslapo | AQ30: =+AH33 -> 0.7 | AR30: 4 | AS30: 0.996 | AT30: =+(ROUND(('3,01'!AJ11/6),0)-1)*8 -> 184 | AU30: =+AQ30*AS30*AT30 -> 128.2848
AH33: 0.7
AC35: LONG. CUNETA BORDILLO | AQ35: =+AH38 -> 6 | AR35: 4 | AS35: 0.996 | AT35: =+ROUND(('3,01'!AJ11/6),0)*3 -> 72 | AU35: =+AQ35*AS35*AT35 -> 430.272
AV37: 14 | AW37: 25.9 | AX37: =+AV37*AW37-AR37 -> 362.6
AH38: 6 | AV38: 8 | AW38: 25.9 | AX38: =+AV38*AW38-AR38 -> 207.2
AV39: 8 | AW39: 25.9 | AX39: =+AV39*AW39-AR39 -> 207.2
AC40: LONG. HUELLA traslapo BORDILLO | AQ40: =+AH43 -> 0.7 | AR40: 4 | AS40: 0.996 | AT40: =+(ROUND(('3,01'!AJ11/6),0)-1)*4 -> 92 | AU40: =+AQ40*AS40*AT40 -> 64.1424 | AV40: 31 | AW40: 25.9 | AX40: =+AV40*AW40-AR40 -> 798.9
AH43: 0.7
AC45: FLEJE BORDILLO | AQ45: 0.55 | AR45: 3 | AS45: 0.557 | AT45: =+ROUND(('3,01'!AJ11/0.15),0)*2 -> 1946 | AU45: =+AQ45*AS45*AT45 -> 596.1571
AH48: 0.6
AC50: TRANSVERSAL. CUNETA | AQ50: 0.7 | AR50: 3 | AS50: 0.56 | AT50: =+ROUND(('3,01'!AJ11/0.15),0)*2 -> 1946 | AU50: =+AQ50*AS50*AT50 -> 762.832
AH53: 0.44
AC55: LONG RIOSTRA | AQ55: =+AE56+AH58+AN56 -> 5.34 | AR55: 3 | AS55: 0.557 | AT55: =+ROUND(('3,01'!AJ11/3),0)*4 -> 196 | AU55: =+AQ55*AS55*AT55 -> 582.97848
AE56: 0.15 | AN56: 0.15
AH58: =5.2-0.16 -> 5.04
AC60: LONG RIOSTRA | AH60: =0.35-0.16 -> 0.19 | AQ60: =+AL61+AL61+AN61+AH63+AH60+AE61 -> 0.82 | AR60: 3 | AS60: 0.557 | AT60: =+(ROUND(('3,01'!AJ11/3),0)/0.25)+1 -> 197 | AU60: =+AQ60*AS60*AT60 -> 89.97778
AE61: 0.12 | AL61: 0.1 | AN61: 0.12
AH63: =0.35-0.16 -> 0.19
AC65: LONG. HUELLA SOBREANCHO | AQ65: =+AH68 -> 6 | AR65: 4 | AS65: 0.996 | AT65: =+ROUND((AV65/6),0)*8 -> 40 | AU65: =+AQ65*AS65*AT65 -> 239.04 | AV65: 28.5 | AW65: M DE SOBREANCHO SON 2
AH68: 6
AC70: LONG. HUELLA traslapo SOBREANCHO | AQ70: =+AH73 -> 0.7 | AR70: 4 | AS70: 0.996 | AT70: =+(ROUND((AV65/6),0)-1)*8 -> 32 | AU70: =+AQ70*AS70*AT70 -> 22.3104
AH73: 0.7
AC75: TRANSVERSAL. HUELLA SOBREANCHO | AQ75: =+AH78 -> 0.8 | AR75: 3 | AS75: 0.56 | AT75: =+ROUND((AV65/0.15),0)*2 -> 380 | AU75: =+AQ75*AS75*AT75 -> 170.24
AH78: 0.8
A83: OBSERVACIONES: | AP83: Subtotal | AU83: =SUM(AU10:AU82) -> 7528.5038
AP84: Vienen | AU84: 0
AP85: TOTAL | AU85: =ROUND(+AU83+AU84,2) -> 7528.5
B86: Responsable Presupuesto:
D88: OMAR JHON BYRON ORTIZ MARIÑO | T88: SECRETARIO DE PLANEACIÓN, OBRAS PUBLICAS Y DESARROLLO URBANO
I89: ALCALDIA DE BRICEÑO
A91: ALCALDIA | I91: BRICEÑO | U91: FORMATO | AL91: MEMORIAS DE CALCULO
A93: OBJETO DEL PROYECTO | I93: "CONSULTORIA PARA REALIZAR LOS ESTUDIOS Y DISEÑOS PARA EL MEJORAMIENTO DE VIAS TERCIARIAS MEDIANTE LA CONSTRUCCION DE PLACA HUELLAS EN LAS VEREDAS BUENAVISTA Y MORAY DEL MUNICIPIO DE BRICEÑO, DEPARTAMENTO DE BOYACÁ, VIGENCIA 2026"
A95: DESCRIPCION | H95: =+VLOOKUP(AL95,PRESUPUESTO!$A$18:$E$36,3,FALSE) -> SUMINISTRO, FIGURADA Y AMARRE DE ACERO DE 420 MPa (60000 PSI) | U95: ITEM | AL95: 3.04 | AQ95: UNID. | AR95: =+VLOOKUP(AL95,PRESUPUESTO!$A$18:$E$36,4,FALSE) -> Precios Gober. | AS95: UBICACIÓN | AT95: MORAY
AC96: Localización | AQ96: Dimensiones | AT96: cant | AU96: Peso Total
AQ97: Longitud | AR97: f | AS97: Peso x m
AC98: LONG. HUELLA | AQ98: =+AH101 -> 6 | AR98: 4 | AS98: 0.996 | AT98: =+ROUND(('3,01'!AJ55/6),0)*16 -> 240 | AU98: =+AQ98*AS98*AT98 -> 1434.24 | AV98: 4 | AW98: =+'3,02'!AL50 -> 0 | AX98: =+AV98*AW98-AR98 -> -4
AV99: 16
AH101: 6
AX102: f
AC103: LONG. HUELLA traslapo | AQ103: =+AH106 -> 0.7 | AR103: 4 | AS103: 0.996 | AT103: =+(ROUND(('3,01'!AJ55/6),0)-1)*8 -> 112 | AU103: =+AQ103*AS103*AT103 -> 78.0864
AH106: 0.7
AC108: TRANSVERSAL. HUELLA | AQ108: =+AH111 -> 0.8 | AR108: 3 | AS108: 0.56 | AT108: =+ROUND(('3,01'!AJ55/0.15),0)*2 -> 1200 | AU108: =+AQ108*AS108*AT108 -> 537.6
AH111: 0.8
AC113: LONG. CUNETA | AQ113: =+AH116 -> 6 | AR113: 4 | AS113: 0.996 | AT113: =+ROUND(('3,01'!AJ55/6),0)*8 -> 120 | AU113: =+AQ113*AS113*AT113 -> 717.12
AH116: 6
AC118: LONG. HUELLA traslapo | AQ118: =+AH121 -> 0.7 | AR118: 4 | AS118: 0.996 | AT118: =+(ROUND(('3,01'!AJ55/6),0)-1)*8 -> 112 | AU118: =+AQ118*AS118*AT118 -> 78.0864
AH121: 0.7
AC123: LONG. CUNETA BORDILLO | AQ123: =+AH126 -> 6 | AR123: 4 | AS123: 0.996 | AT123: =+ROUND(('3,01'!AJ55/6),0)*3 -> 45 | AU123: =+AQ123*AS123*AT123 -> 268.92 | AV123: 3
AV125: 14 | AW125: 25.9 | AX125: =+AV125*AW125-AR125 -> 362.6
AH126: 6 | AV126: 8 | AW126: 25.9 | AX126: =+AV126*AW126-AR126 -> 207.2
AV127: 8 | AW127: 25.9 | AX127: =+AV127*AW127-AR127 -> 207.2
AC128: LONG. HUELLA traslapo BORDILLO | AQ128: =+AH131 -> 0.7 | AR128: 4 | AS128: 0.996 | AT128: =+(ROUND(('3,01'!AJ55/6),0)-1)*4 -> 56 | AU128: =+AQ128*AS128*AT128 -> 39.0432 | AV128: 31 | AW128: 25.9 | AX128: =+AV128*AW128-AR128 -> 798.9
AH131: 0.7
AC133: FLEJE BORDILLO | AQ133: 0.55 | AR133: 3 | AS133: 0.557 | AT133: =+ROUND(('3,01'!AJ55/0.15),0)*2 -> 1200 | AU133: =+AQ133*AS133*AT133 -> 367.62
AH136: 0.6
AC138: TRANSVERSAL. CUNETA | AQ138: 0.7 | AR138: 3 | AS138: 0.56 | AT138: =+ROUND(('3,01'!AJ55/0.15),0)*2 -> 1200 | AU138: =+AQ138*AS138*AT138 -> 470.4
AH141: 0.44
AC143: LONG RIOSTRA | AQ143: =+AE144+AH146+AN144 -> 5.34 | AR143: 3 | AS143: 0.557 | AT143: =+ROUND(('3,01'!AJ55/3),0)*4 -> 120 | AU143: =+AQ143*AS143*AT143 -> 356.9256
AE144: 0.15 | AN144: 0.15
AH146: =5.2-0.16 -> 5.04
AC148: LONG RIOSTRA | AH148: =0.35-0.16 -> 0.19 | AQ148: =+AL149+AL149+AN149+AH151+AH148+AE149 -> 0.82 | AR148: 3 | AS148: 0.557 | AT148: =+(ROUND(('3,01'!AJ55/3),0)/0.25)+1 -> 121 | AU148: =+AQ148*AS148*AT148 -> 55.26554
AE149: 0.12 | AL149: 0.1 | AN149: 0.12
AH151: =0.35-0.16 -> 0.19
AC153: LONG. HUELLA SOBREANCHO | AQ153: =+AH156 -> 6 | AR153: 4 | AS153: 0.996 | AT153: =+ROUND((AV153/6),0)*8 -> 56 | AU153: =+AQ153*AS153*AT153 -> 334.656 | AV153: 40 | AW153: M DE SOBREANCHO SON 2
AH156: 6
AC158: LONG. HUELLA traslapo SOBREANCHO | AQ158: =+AH161 -> 0.7 | AR158: 4 | AS158: 0.996 | AT158: =+(ROUND((AV153/6),0)-1)*8 -> 48 | AU158: =+AQ158*AS158*AT158 -> 33.4656
AH161: 0.7
AC163: TRANSVERSAL. HUELLA SOBREANCHO | AQ163: =+AH166 -> 0.8 | AR163: 3 | AS163: 0.56 | AT163: =+ROUND((AV153/0.15),0)*2 -> 534 | AU163: =+AQ163*AS163*AT163 -> 239.232
AH166: 0.8
A171: OBSERVACIONES: | AP171: Subtotal | AU171: =+SUM(AU98:AU170) -> 5010.6607
AP172: Vienen | AU172: =+AU85 -> 7528.5
AP173: TOTAL | AU173: =ROUND(+AU171+AU172,2) -> 12539.16
B174: Responsable Presupuesto:
D176: OMAR JHON BYRON ORTIZ MARIÑO | T176: SECRETARIO DE PLANEACIÓN, OBRAS PUBLICAS Y DESARROLLO URBANO

Sheet 4,01
I1: ALCALDIA DE BRICEÑO
A3: ALCALDIA | I3: BRICEÑO | U3: FORMATO | AE3: MEMORIAS DE CALCULO
A5: OBJETO DEL PROYECTO | I5: "CONSULTORIA PARA REALIZAR LOS ESTUDIOS Y DISEÑOS PARA EL MEJORAMIENTO DE VIAS TERCIARIAS MEDIANTE LA CONSTRUCCION DE PLACA HUELLAS EN LAS VEREDAS BUENAVISTA Y MORAY DEL MUNICIPIO DE BRICEÑO, DEPARTAMENTO DE BOYACÁ, VIGENCIA 2026"
A7: DESCRIPCION | H7: =+VLOOKUP(AE7,PRESUPUESTO!$A$18:$E$36,3,FALSE) -> CUNETAS REVESTIDAS EN CONCRETO DE 21 MPA ( 3000 PSI) SIN REFUERZO (INCLUYE SELLO DE JUNTAS) | U7: ITEM | AE7: 4.01 | AJ7: UNID. | AK7: =+VLOOKUP(AE7,PRESUPUESTO!$A$18:$E$36,4,FALSE) -> Precios Gober. | AL7: UBICACIÓN | AM7: BUENAVISTA
AI8: Localización | AJ8: Dimensiones | AM8: No Elem. | AN8: Medida Total
AJ9: Area | AK9: Alto | AL9: Longitud
AI10: CUNETA | AJ10: 0.159 | AL10: =+'3,01'!AJ11 -> 146 | AM10: 2 | AN10: =+AJ10*AL10*AM10 -> 46.428
AI15: (-) RIOSTRA | AJ15: 0.8 | AK15: =+'3,03'!AK10-'3,01'!AL19 -> 0.15 | AL15: =+'3,01'!AL19 -> 0.2 | AM15: =+'3,03'!AM10*2 -> 98 | AN15: =+AJ15*AK15*AL15*AM15*-1 -> -2.352
A39: OBSERVACIONES: | AI39: Subtotal | AN39: =SUM(AN10:AN38) -> 44.076
AI40: Vienen | AN40: 0
AI41: TOTAL | AN41: =ROUND(+AN39+AN40,2) -> 44.08
B42: Responsable Presupuesto:
C44: OMAR JHON BYRON ORTIZ MARIÑO | T44: SECRETARIO DE PLANEACIÓN, OBRAS PUBLICAS Y DESARROLLO URBANO
I45: ALCALDIA DE BRICEÑO
A47: ALCALDIA | I47: BRICEÑO | U47: FORMATO | AE47: MEMORIAS DE CALCULO
A49: OBJETO DEL PROYECTO | I49: "CONSULTORIA PARA REALIZAR LOS ESTUDIOS Y DISEÑOS PARA EL MEJORAMIENTO DE VIAS TERCIARIAS MEDIANTE LA CONSTRUCCION DE PLACA HUELLAS EN LAS VEREDAS BUENAVISTA Y MORAY DEL MUNICIPIO DE BRICEÑO, DEPARTAMENTO DE BOYACÁ, VIGENCIA 2026"
A51: DESCRIPCION | H51: =+VLOOKUP(AE51,PRESUPUESTO!$A$18:$E$36,3,FALSE) -> CUNETAS REVESTIDAS EN CONCRETO DE 21 MPA ( 3000 PSI) SIN REFUERZO (INCLUYE SELLO DE JUNTAS) | U51: ITEM | AE51: 4.01 | AJ51: UNID. | AK51: =+VLOOKUP(AE51,PRESUPUESTO!$A$18:$E$36,4,FALSE) -> Precios Gober. | AL51: UBICACIÓN | AM51: MORAY
AI52: Localización | AJ52: Dimensiones | AM52: No Elem. | AN52: Medida Total
AJ53: Area | AK53: Alto | AL53: Longitud
AI54: CUNETA | AJ54: 0.159 | AL54: =+'3,01'!AJ55 -> 90 | AM54: 2 | AN54: =+AJ54*AL54*AM54 -> 28.62
AI59: (-) RIOSTRA | AJ59: 0.8 | AK59: =+'3,03'!AK50-'3,01'!AK55 -> 0.2 | AL59: =+'3,03'!AL50 -> 0.2 | AM59: =+'3,03'!AM50*2 -> 60 | AN59: =+AJ59*AK59*AL59*AM59*-1 -> -1.92
A83: OBSERVACIONES: | AI83: Subtotal | AN83: =+SUM(AN54:AN82) -> 26.7
AI84: Vienen | AN84: =+AN41 -> 44.08
AI85: TOTAL | AN85: =ROUND(+AN83+AN84,2) -> 70.78
B86: Responsable Presupuesto:
C88: OMAR JHON BYRON ORTIZ MARIÑO | T88: SECRETARIO DE PLANEACIÓN, OBRAS PUBLICAS Y DESARROLLO URBANO

Sheet 6.ALC
I1: ALCALDIA DE BRICEÑO
A3: ALCALDIA | I3: BRICEÑO | U3: FORMATO | AE3: MEMORIAS DE CALCULO
A5: OBJETO DEL PROYECTO | I5: "CONSULTORIA PARA REALIZAR LOS ESTUDIOS Y DISEÑOS PARA EL MEJORAMIENTO DE VIAS TERCIARIAS MEDIANTE LA CONSTRUCCION DE PLACA HUELLAS EN LAS VEREDAS BUENAVISTA Y MORAY DEL MUNICIPIO DE BRICEÑO, DEPARTAMENTO DE BOYACÁ, VIGENCIA 2026"
A7: CAPÍTULO | H7: ALCANTARILLA 36in | AL7: UBICACIÓN | AN7: BUENAVISTA
AI8: Localizacion | AK8: Dimensiones | AN8: No Elem. | AO8: Medida Total | AP8: UNIDAD
AK9: Ancho | AL9: Longitud | AM9: Altura
AI10: =+PRESUPUESTO!#REF! -> #REF! | AO10: =SUM(AO11:AO16) -> 57.336 | AP10: m3
AI11: Excavacion sobre la calzada para tuberia | AK11: 1.7 | AL11: 6 | AM11: =+C68+0.2-0.3 -> 1.65 | AN11: 2 | AO11: =+AK11*AL11*AM11*AN11 -> 33.66 | AP11: m3
AI12: Excavacion Caja | AK12: =1.37+0.4 -> 1.77 | AL12: =1.7+0.4 -> 2.1 | AM12: 2 | AN12: 2 | AO12: =+AK12*AL12*AM12*AN12 -> 14.868 | AP12: m3
AI13: Excavacion aletas | AK13: 0.2 | AL13: 1.9 | AM13: 1.5 | AN13: 4 | AO13: =+AK13*AL13*AM13*AN13 -> 2.28 | AP13: m3
AI14: Excavacion placa de fondo salida con aletas | AK14: =+AK11 -> 1.7 | AL14: =+AL11 -> 6 | AM14: 0.3 | AN14: 2 | AO14: =+AK14*AL14*AM14*AN14 -> 6.12 | AP14: m3
AI15: Excavacion dentellon placas de contrapiso entrada y salida | AK15: 0.2 | AL15: =+AL12 -> 2.1 | AM15: 0.2 | AN15: 2 | AO15: =+AK15*AL15*AM15*AN15 -> 0.168 | AP15: m3
AI16: Excavacion dentellon placas de contrapiso entrada y salida | AK16: 0.2 | AL16: 3 | AM16: 0.2 | AN16: 2 | AO16: =+AK16*AL16*AM16*AN16 -> 0.24 | AP16: m3
AI17: =+PRESUPUESTO!#REF! -> #REF! | AO17: =SUM(AO18) -> 9.6 | AP17: m3
AI18: Mejoramiento de piso sobre calzada | AK18: 2 | AL18: 6 | AM18: 0.4 | AN18: 2 | AO18: =+AN18*AM18*AL18*AK18 -> 9.6
AI19: =+PRESUPUESTO!#REF! -> #REF! | AO19: =+AO20 -> 10.2 | AP19: m3
AI20: Excavacion sobre la calzada para tuberia | AK20: =+AK11 -> 1.7 | AL20: =+AL11 -> 6 | AM20: 0.5 | AN20: 2 | AO20: =+AN20*AM20*AL20*AK20 -> 10.2 | AP20: m3
AI22: =+PRESUPUESTO!#REF! -> #REF! | AO22: =SUM(AO23:AO24) -> 20.12 | AP22: m3
AI23: Relleno calzada sobre tuberia instalada | AK23: =+AK11 -> 1.7 | AL23: =+AL11 -> 6 | AM23: =+AM11 -> 1.65 | AN23: 2 | AO23: =+AK23*AL23*AM23*AN23 -> 33.66
AI24: (-) Volumen tuberia 36in = 0,95m3 | AL24: 6 | AM24: -1.1283333 | AN24: 2 | AO24: =+AL24*AM24*AN24 -> -13.54
AI27: =+PRESUPUESTO!#REF! -> #REF! | AO27: =SUM(AO28) -> 12 | AP27: ml
AI28: Tubos en concreto reforzado de 36in instalados | AN28: 12 | AO28: =+AN28 -> 12
AK29: Dimensiones | AN29: No Elem. | AO29: Medida Total | AP29: UNIDAD
AK30: Ancho | AL30: Longitud | AM30: Altura
AI31: =+PRESUPUESTO!#REF! -> #REF! | AO31: =SUM(AO32:AO34) -> 7.5336 | AP31: m3
AI32: Solado placa de fondo | AK32: 1.5 | AL32: 6 | AM32: 0.15 | AN32: 2 | AO32: =+AL32*AM32*AN32*AK32 -> 2.7 | AP32: m3
AI33: Atraque tuberia | AM33: area
AI34: Atraque tuberia area =0,4028m2 | AL34: =+AL32 -> 6 | AM34: 0.4028 | AN34: 2 | AO34: =+AL34*AM34*AN34 -> 4.8336
A39: OBSERVACIONES:
B42: Responsable Presupuesto:
I45: ALCALDIA DE BRICEÑO
A47: ALCALDIA | I47: BRICEÑO | U47: FORMATO | AE47: MEMORIAS DE CALCULO
A49: CAPÍTULO | H49: =+H7 -> ALCANTARILLA 36in | AL49: UBICACIÓN | AN49: =+'[115]1.1'!AM7:$AN$7 -> 0
AI50: Localizacion | AK50: Dimensiones | AN50: No Elem. | AO50: Medida Total | AP50: UNIDAD
C51: PERFIL MURO CAJA | M51: PERFIL MURO ALETA | AK51: Ancho | AL51: Longitud | AM51: Espesor
C52: 1.95 | M52: 1.7 | AI52: =+PRESUPUESTO!#REF! -> #REF! | AN52: Total= | AO52: =SUM(AO53:AO54) -> 10.575 | AP52: m3
B53: 2.5 | L53: 2.08 | AI53: Placa de fondo caja | AK53: =+C68 -> 1.75 | AL53: =+D67 -> 2.05 | AN53: 2 | AO53: =+AK53*AL53*AN53 -> 7.175 | AP53: m3
AI54: Placa de fondo salida con aletas | AK54: =+(X68+U76)/2 -> 1.7 | AL54: =+T68 -> 1 | AN54: 2 | AO54: =+AK54*AL54*AN54 -> 3.4 | AP54: m3
AI56: =+PRESUPUESTO!#REF! -> #REF! | AO56: =+AO57 -> 0.136 | AP56: m3
AI57: Dentellon placa aletas | AK57: 0.2 | AL57: =+U76 -> 1.7 | AM57: 0.2 | AN57: 2 | AO57: =+AN57*AM57*AL57*AK57 -> 0.136 | AP57: m3
AI59: =+PRESUPUESTO!#REF! -> #REF! | AO59: =SUM(AO60:AO70) -> 5.33996 | AP59: m3
AI60: Muro Aleta | AK60: =+M52 -> 1.7 | AL60: =+L53 -> 2.08 | AM60: 0.2 | AN60: 2 | AO60: =+AK60*AL60*AM60*AN60 -> 1.4144 | AP60: m3
AI61: Muro Caja | AK61: =+C52 -> 1.95 | AL61: =+B53 -> 2.5 | AM61: 0.2 | AN61: 2 | AO61: =+AK61*AL61*AM61*AN61 -> 1.95 | AP61: m3
AI62: Localizacion | AK62: Dimensiones | AN62: No Elem. | AP62: UNIDAD
AK63: Area | AL63: Longitud | AM63: Espesor
AI64: (-) Vacio Tuberia | AK64: 0.9503 | AM64: 0.2 | AN64: 4 | AO64: =+AK64*AM64*-AN64 -> -0.76024 | AP64: m3
AI65: Localizacion | AK65: Dimensiones | AN65: No Elem. | AP65: UNIDAD
D66: PLANTA CAJA | U66: PLANTA SALIDA CON ALETAS | AK66: Ancho | AL66: Longitud | AM66: Espesor
D67: =+F69+0.4 -> 2.05 | AI67: Muro Longitudinal Caja | AK67: =+B79 -> 1.31 | AL67: =+C84 -> 2.05 | AM67: 0.2 | AN67: 4 | AO67: =+AN67*AM67*AL67*AK67 -> 2.1484 | AP67: m3
C68: =+E69+0.4 -> 1.75 | T68: 1 | X68: 1.7 | AI68: Muro Transversal Caja | AK68: =+N79 -> 1.31 | AL68: =+O84-0.2-0.2 -> 1.35 | AM68: 0.2 | AN68: 2 | AO68: =+AN68*AM68*AL68*AK68 -> 0.7074 | AP68: m3
E69: 1.35 | F69: 1.65 | AI69: Aletas | AK69: =+AB86 -> 0 | AL69: =+(AA79+AH81)/2 -> 0 | AM69: 0.2 | AN69: 4 | AO69: =+AN69*AM69*AL69*AK69 -> 0 | AP69: m3
AI70: (-) Vacio Cuneta | AK70: 0.2 | AL70: 0.7 | AM70: -0.15 | AN70: 4 | AO70: =+AK70*AM70*AN70 -> -0.12 | AP70: m3
AI72: =+PRESUPUESTO!#REF! -> #REF! | AO72: =SUM(AO74:AO76) -> 407.68 | AP72: Kg
AI73: Localizacion | AK73: f | AL73: Cantidad | AM73: Longitud | AN73: Peso Unitario | AO73: Peso Total | AP73: Und
AI74: Acero de refuerzo No. 1 - 15 | AK74: 3 | AL74: =28*2 -> 56 | AM74: 2.17 | AN74: 0.56 | AO74: =+AL74*AM74*AN74 -> 68.0512 | AP74: Kg
AI75: Acero de refuerzo No. 16-31 | AK75: 4 | AL75: =58*2 -> 116 | AM75: 1.9773893 | AN75: 0.99 | AO75: =+AL75*AM75*AN75 -> 227.08338 | AP75: Kg
U76: 1.7 | AI76: Acero de refuerzo No. 32-38 | AK76: 3 | AL76: =48*2 -> 96 | AM76: 2.0934787 | AN76: 0.56 | AO76: =+AL76*AM76*AN76 -> 112.54542 | AP76: Kg
B77: PERFIL LONGITUDINAL CAJA | O77: PERFIL TRANSVERSAL CAJA | AB77: PERFIL ALETA
B79: 1.31 | N79: =+B79 -> 1.31
C84: =+D67 -> 2.05 | O84: =+C68 -> 1.75
AB86: 0
A88: OBSERVACIONES:
B91: Responsable Presupuesto:

Sheet 5,01
I1: ALCALDIA DE BRICEÑO
A3: ALCALDIA | I3: BRICEÑO | U3: FORMATO | AE3: MEMORIAS DE CALCULO
A5: OBJETO DEL PROYECTO | I5: "CONSULTORIA PARA REALIZAR LOS ESTUDIOS Y DISEÑOS PARA EL MEJORAMIENTO DE VIAS TERCIARIAS MEDIANTE LA CONSTRUCCION DE PLACA HUELLAS EN LAS VEREDAS BUENAVISTA Y MORAY DEL MUNICIPIO DE BRICEÑO, DEPARTAMENTO DE BOYACÁ, VIGENCIA 2026"
A7: DESCRIPCION | H7: =+VLOOKUP(AE7,PRESUPUESTO!$A$18:$E$36,3,FALSE) -> TRANSPORTE DE MATERIAL DE AFIRMADO Y/O GRANULAR SUELTO (MEDIDO EN BANCO) DESPUÉS DE 5 KM. | U7: ITEM | AE7: 5.01 | AJ7: UNID. | AK7: =+VLOOKUP(AE7,PRESUPUESTO!$A$18:$E$36,4,FALSE) -> Precios Gober. | AL7: UBICACIÓN | AM7: BUENAVISTA
AI8: Localización | AJ8: Dimensiones | AM8: No Elem. | AN8: Medida Total
AJ9: Volumen | AK9: Alto | AL9: Longitud
AI11: AFIRMADO | AJ11: =+'2,01'!AN39 -> 83.9 | AL11: =19.6-5 -> 14.6 | AM11: 1 | AN11: =+AJ11*AL11*AM11 -> 1224.94
AI12: SUBBASE | AJ12: =+'2,02'!AN35 -> 120.63 | AL12: =19.6-5 -> 14.6 | AM12: 1 | AN12: =+AJ12*AL12*AM12 -> 1761.198
A36: OBSERVACIONES: | AI36: Subtotal | AN36: =SUM(AN10:AN35) -> 2986.138
AI37: Vienen | AN37: 0
AI38: TOTAL | AN38: =ROUNDDOWN(+AN36+AN37,2) -> 2986.13
B39: Responsable Presupuesto:
C41: OMAR JHON BYRON ORTIZ MARIÑO | T41: SECRETARIO DE PLANEACIÓN, OBRAS PUBLICAS Y DESARROLLO URBANO
I42: ALCALDIA DE BRICEÑO
A44: ALCALDIA | I44: BRICEÑO | U44: FORMATO | AE44: MEMORIAS DE CALCULO
A46: OBJETO DEL PROYECTO | I46: "CONSULTORIA PARA REALIZAR LOS ESTUDIOS Y DISEÑOS PARA EL MEJORAMIENTO DE VIAS TERCIARIAS MEDIANTE LA CONSTRUCCION DE PLACA HUELLAS EN LAS VEREDAS BUENAVISTA Y MORAY DEL MUNICIPIO DE BRICEÑO, DEPARTAMENTO DE BOYACÁ, VIGENCIA 2026"
A48: DESCRIPCION | H48: =+VLOOKUP(AE48,PRESUPUESTO!$A$18:$E$36,3,FALSE) -> TRANSPORTE DE MATERIAL DE AFIRMADO Y/O GRANULAR SUELTO (MEDIDO EN BANCO) DESPUÉS DE 5 KM. | U48: ITEM | AE48: 5.01 | AJ48: UNID. | AK48: =+VLOOKUP(AE48,PRESUPUESTO!$A$18:$E$36,4,FALSE) -> Precios Gober. | AL48: UBICACIÓN | AM48: MORAY
AI49: Localización | AJ49: Dimensiones | AM49: No Elem. | AN49: Medida Total
AJ50: Volumen | AK50: Alto | AL50: Longitud
AI51: AFIRMADO | AJ51: =+'2,01'!AN63 -> 49.14 | AL51: =14.4-5 -> 9.4 | AM51: 1 | AN51: =+AJ51*AL51*AM51 -> 461.916
AI52: SUBBASE | AJ52: =+'2,02'!AN75 -> 70.06 | AL52: =14.4-5 -> 9.4 | AM52: 1 | AN52: =+AJ52*AL52*AM52 -> 658.564
A77: OBSERVACIONES: | AI77: Subtotal | AN77: =+SUM(AN51:AN76) -> 1120.48
AI78: Vienen | AN78: =+AN38 -> 2986.13
AI79: TOTAL | AN79: =ROUNDDOWN(+AN77+AN78,2) -> 4106.61
B80: Responsable Presupuesto:
C82: OMAR JHON BYRON ORTIZ MARIÑO | T82: SECRETARIO DE PLANEACIÓN, OBRAS PUBLICAS Y DESARROLLO URBANO
